Workbook

Sheet RESUMEN
A2: OFERTA ECONOMICA LOTE 1
A4: FRENTE | B4: MUNICIPIO | C4: OBJETO | D4: VALOR | E4: VALOR
A5: 1 | B5: CACHIPAY | C5: =+'Entidad Cachipay'!A1 -> OPTIMIZACIÓN DEL SISTEMA DE ALCANTARILLADO SANITARIO Y PLUVIAL FASE 1 DEL MUNICIPIO DE CACHIPAY, CUNDINAMARCA | D5: =+'Entidad Cachipay'!F130 -> 2915366557 | E5: =+'Proponente Cachipay'!G130 -> 0
A6: 2 | B6: CAQUEZA | C6: =+'Entidad Caqueza'!A1 -> PLAN MAESTRO DE ALCANTARILLADO DEL CASCO URBANO DEL MUNICIPIO DE CÁQUEZA CUNDINAMARCA – FASE I | D6: =+'Entidad Caqueza'!F88 -> 3353854740 | E6: =+'Proponente Caqueza'!G88 -> 0
A7: 3 | B7: SAN ANTONIO DEL TEQUENDAMA | C7: =+'Proponente San Antonio'!A1 -> CONSTRUCCION DE ALCANTARILLADO DEL CENTRO POBLADO SANTANDERCITO, BELLAVISTA DEL MUNICIPIO SAN ANTONIO DE TEQUENDAMA, CUNDINAMARCA | D7: =+'Entidad San Antonio'!F103 -> 4419539524 | E7: =+'Proponente San Antonio'!G103 -> 0
A8: 4 | B8: ZIPACON | C8: =+'Entidad Zipacon'!A1 -> CONSTRUCCION DE LA PRIMERA ETAPA-FASE ALCANTARILLADO DEL PLAN MAESTRO DE ACUEDUCTO Y ALCANTARILLADO DEL CASCO URBANO DEL MUNICIPIO DE ZIPACON, CUNDINAMARCA | D8: =+'Entidad Zipacon'!F104 -> 2803896752 | E8: =+'Proponente Zipacon'!G104 -> 0
A9: 5 | B9: CHOCONTA | C9: =+'Entidad Choconta'!B1 -> CONSTRUCCIÓN DEL PLAN MAESTRO DE ALCANTARILLADO URBANO DEL MUNICIPIO DE CHOCONTÁ FASE I | D9: =+'Entidad Choconta'!H183 -> 14963438362 | E9: =+'Proponente Choconta'!I183 -> 0
A10: TOTAL | D10: =+SUM(D5:D9) -> 28456095935 | E10: =+SUM(E5:E9) -> 0
C16: Firma del represnetante legal

Sheet Entidad Cachipay
A1: OPTIMIZACIÓN DEL SISTEMA DE ALCANTARILLADO SANITARIO Y PLUVIAL FASE 1 DEL MUNICIPIO DE CACHIPAY, CUNDINAMARCA
A2: PRESUPUESTO OFICIAL
A3: ALCANTARILLADO PLUVIAL
A4: ITEM | B4: DESCRIPCIÓN | C4: UND | D4: CANTIDAD | E4: VR. UNITARIO | F4: VALOR TOTAL
A5: 1 | B5: ACTIVIDADES PRELIMINARES
A6: 1.1 | B6: LOCALIZACION Y REPLANTEO
A7: 1.1.1 | B7: LOCALIZACION Y REPLANTEO DE POZOS | C7: M2 | D7: 94.74 | E7: 20541 | F7: =ROUND(D7*E7,0) -> 1946054
A8: 1.1.2 | B8: LOCALIZACION Y REPLANTEO DE REDES | C8: ML | D8: 634.8 | E8: 16812 | F8: =ROUND(D8*E8,0) -> 10672258
A9: 1.2 | B9: DEMOLICIONES PAVIMENTOS Y DESMONTE
A10: 1.2.2 | B10: DEMOLICION PAVIMENTO RIGIDO | C10: M3 | D10: 192.35 | E10: 579399 | F10: =ROUND(D10*E10,0) -> 111447398
A11: 1.2.3 | B11: CORTE DE PAVIMENTO | C11: ML | D11: 1349.1 | E11: 24108 | F11: =ROUND(D11*E11,0) -> 32524103
A12: 1.2.4 | B12: DEMOLICION SARDINEL | C12: M3 | D12: 3.12 | E12: 579399 | F12: =ROUND(D12*E12,0) -> 1807725
A13: 1.2.5 | B13: REPOSICION DE SARDINEL | C13: ML | D13: 52 | E13: 109543 | F13: =ROUND(D13*E13,0) -> 5696236
B14: SUB TOTAL ACTIVIDADES PRELIMINARES | F14: =+SUM(F7:F13) -> 164093774
A16: 2 | B16: EXCAVACIONES Y RELLENOS
A17: 2.1 | B17: EXCAVACIONES A MANO EN CONGLOMERADO Y BAJO AGUA
A18: 2.1.1 | B18: EXCAVACIONES A MANO EN CONGLOMERADO. | C18: M3 | D18: 6 | E18: 115175 | F18: =ROUND(D18*E18,0) -> 691050
A19: 2.1.2 | B19: EXCAVACIONES A MAQUINA | C19: M3 | D19: 6 | E19: 30446 | F19: =ROUND(D19*E19,0) -> 182676
A20: 2.1.3 | B20: EXCAVACION EN ROCA | C20: M3 | D20: 863.33 | E20: 119184 | F20: =ROUND(D20*E20,0) -> 102895123
A21: 2.2 | B21: ENTIBADOS
A22: 2.2.1 | B22: ENTIBADO TIPO 1 UTILIZACIONES ( MADERA) | C22: M2 | D22: 1336.13 | E22: 26944 | F22: =ROUND(D22*E22,0) -> 36000687
A23: 2.3 | B23: RELLENOS
A24: 2.3.1 | B24: GRAVA 1/2" 0,25 | C24: M3 | D24: 116.63 | E24: 291257 | F24: =ROUND(D24*E24,0) -> 33969304
A25: 2.3.2 | B25: SUB BASE GRANULAR B400 0,30 | C25: M3 | D25: 139.96 | E25: 240328 | F25: =ROUND(D25*E25,0) -> 33636307
A26: 2.3.3 | B26: RELLENO EN MATERIAL COMUN h=VARIABLE | C26: M3 | D26: 293.44 | E26: 43328 | F26: =ROUND(D26*E26,0) -> 12714168
A27: 2.3.4 | B27: RECEBO COMUN 0,20*2 | C27: M3 | D27: 186.61 | E27: 237093 | F27: =ROUND(D27*E27,0) -> 44243925
A28: 2.7 | B28: CARGUE Y RETIRO DE SOBRANTES
A29: 2,7,1 | B29: CARGUE Y RETIRO SOBRANTES | C29: M3 | D29: 641.09 | E29: 181427 | F29: =ROUND(D29*E29,0) -> 116311035
B30: SUBTOTAL EXCAVACIONES Y RELLENOS | F30: =+SUM(F18:F29) -> 380644275
A32: 3 | B32: REDES DE ALCANTARILLADO Y ACCESORIOS
A33: 3.1 | B33: INSTALACIÓN DE TUBERÍA
A34: 3.1.1 | B34: INSTALACIÓN DE TUBERÍA PARA ALCANTARILLADO DE PARED ESTRUCTURAL PVC, DOBLE EXTRUSIÓN, PARED INTERIOR LISA Y EXTERIOR CORRUGADA, SISTEMA DE UNIÓN MECÁNICO, CAMPANA ESPIGO CON HIDROSELLO DE CAUCHO
A35: 3.1.1.1 | B35: SUMINISTRO E INSTALACION DE TUBERIA PVC 10" | C35: ML | D35: 408.5 | E35: 177951 | F35: =ROUND(D35*E35,0) -> 72692984
A36: 3.1.1.2 | B36: SUMINISTRO E INSTALACION DE TUBERIA PVC 12" | C36: ML | D36: 103.8 | E36: 248782 | F36: =ROUND(D36*E36,0) -> 25823572
A37: 3.1.1.3 | B37: SUMINISTRO E INSTALACION DE TUBERIA PVC 16" | C37: ML | D37: 122.5 | E37: 365667 | F37: =ROUND(D37*E37,0) -> 44794208
B38: SUBTOTAL REDES DE ALCANTARILLADO Y ACCESORIOS | F38: =+SUM(F35:F37) -> 143310764
A40: 4 | B40: POZOS DE INSPECCIÓN NUEVOS
A41: 4.1 | B41: POZOS DE INSPECCIÓN EN MAMPOSTERIA NUEVO
A42: 4.1.1 | B42: CILINDROS EN MAMPOSTERIA D=1,70 M
A43: 4.1.1.1 | B43: CILINDRO POZO EN LADRILLO TOLETE, Di=1.20M, E=0.25M (INC. PAÑETE INTERNO E=1.5CM Y CAÑUELA | C43: ML | D43: 99.33 | E43: 1257421 | F43: =ROUND(D43*E43,0) -> 124899628
A44: 4.1.1.2 | B44: ACERO DE REFUERZO DE 60.000 PSI PARA PLACA FONDO Y PLACA CUBIERTA | C44: KG | D44: 5296.45 | E44: 11246 | F44: =ROUND(D44*E44,0) -> 59563877
A45: 4.1.1.3 | B45: CONCRETO DE 3.000 PSI PARA PLACA DE FONDO | C45: M3 | D45: 67.51 | E45: 1427436 | F45: =ROUND(D45*E45,0) -> 96366204
A46: 4.1.1.4 | B46: CONCRETO DE 4.000 PSI PARA PLACA CUBIERTA | C46: M3 | D46: 4.81 | E46: 1500221 | F46: =ROUND(D46*E46,0) -> 7216063
A47: 4.1.1.5 | B47: CONCRETODE 3.000 PSI PARA SUMIDEROS | C47: M3 | D47: 41.38 | E47: 1427436 | F47: =ROUND(D47*E47,0) -> 59067302
A48: 4.1.1.6 | B48: ACERO DE REFUERZO DE 60.000 PSI PARA SUMIDEROS | C48: KG | D48: 8809.7 | E48: 11246 | F48: =ROUND(D48*E48,0) -> 99073886
A49: 4.1.1.7 | B49: REJILLA HORIZONTAL DE 0,835*0,455*0,10 SEGÚN NORMA NP-023UND | C49: UN | D49: 26 | E49: 377239 | F49: =ROUND(D49*E49,0) -> 9808214
A50: 4.1.1.8 | B50: TAPA DE ACERO EN CONCRETO PREFABRICADO DIAMETRO 0,70 M | C50: UN | D50: 15 | E50: 781900 | F50: =ROUND(D50*E50,0) -> 11728500
A51: 4.1.1.10 | B51: REJILLA HORIZONTAL DE 0,80*0,15 CON MARCO EN PLATINA | C51: UND | D51: 21 | E51: 351297 | F51: =ROUND(D51*E51,0) -> 7377237
A52: 4.1.1.11 | B52: TAPA EN CONCRETO PREFABRICADO CON MARCO DE 1 M * 1 M | C52: UND | D52: 21 | E52: 393333 | F52: =ROUND(D52*E52,0) -> 8259993
B53: SUBTOTAL POZOS DE INSPECCIÓN NUEVOS | F53: =+SUM(F43:F52) -> 483360904
B55: SUBTOTAL OBRA CIVIL + SUMINISTRO ALCANTARILLADO PLUVIAL + AIU | F55: =+F53+F38+F30+F14 -> 1171409717
A57: ALCANTARILLADO SANITARIO
A58: ITEM | B58: DESCRIPCIÓN | C58: UND | D58: CANTIDAD | E58: VR. UNITARIO | F58: VALOR TOTAL
A59: 1 | B59: ACTIVIDADES PRELIMINARES
A60: 1.1 | B60: LOCALIZACION Y REPLANTEO
A61: 1.1.1 | B61: LOCALIZACION Y REPLANTEO DE POZOS | C61: M2 | D61: 120.54 | E61: 20541 | F61: =ROUND(D61*E61,0) -> 2476012
A62: 1.1.2 | B62: LOCALIZACION Y REPLANTEO DE REDES | C62: ML | D62: 718.7 | E62: 16812 | F62: =ROUND(D62*E62,0) -> 12082784
A63: 1.2 | B63: DEMOLICIONES PAVIMENTOS Y DESMONTE
A64: 1.2.1 | B64: DEMOLICION DE POZOS EXISTENTES | C64: M3 | D64: 92.34 | E64: 42183 | F64: =ROUND(D64*E64,0) -> 3895178
A65: 1.2.2 | B65: DEMOLICION PAVIMENTO RIGIDO | C65: M3 | D65: 429.36 | E65: 579399 | F65: =ROUND(D65*E65,0) -> 248770755
A66: 1.2.3 | B66: CORTE DE PAVIMENTO | C66: ML | D66: 1642.2 | E66: 24108 | F66: =ROUND(D66*E66,0) -> 39590158
B67: SUBTOTAL PRELIMINARES | F67: =+SUM(F61:F66) -> 306814887
A69: 2 | B69: EXCAVACIONES Y RELLENOS
A70: 2.1 | B70: EXCAVACIONES A MANO EN CONGLOMERADO Y BAJO AGUA
A71: 2.1.1 | B71: EXCAVACIONES A MANO EN CONGLOMERADO. | C71: M3 | D71: 88.54 | E71: 115175 | F71: =ROUND(D71*E71,0) -> 10197595
A72: 2.1.2 | B72: EXCAVACIONES A MAQUINA | C72: M3 | D72: 1188.73 | E72: 29466 | F72: =ROUND(D72*E72,0) -> 35027118
A73: 2.1.3 | B73: EXCAVACION EN ROCA | C73: M3 | D73: 6 | E73: 116395 | F73: =ROUND(D73*E73,0) -> 698370
A74: 2.2 | B74: ENTIBADOS
A75: 2.2.1 | B75: ENTIBADO TIPO 1 UTILIZACIONES 1/7 ( MADERA) | C75: M2 | D75: 1164.18 | E75: 25292 | F75: =ROUND(D75*E75,0) -> 29444441
A76: 2.2.2 | B76: ENTIBADO METALICO | C76: M2 | D76: 1967.91 | E76: 115584 | F76: =ROUND(D76*E76,0) -> 227458909
A77: 2.3 | B77: RELLENOS
A78: 2.3.1 | B78: RECEBO COMUN 0,20*2 | C78: M3 | D78: 9.12 | E78: 237093 | F78: =ROUND(D78*E78,0) -> 2162288
A79: 2.3.2 | B79: SUB BASE GRANULAR B400 0,30 | C79: M3 | D79: 126.84 | E79: 240328 | F79: =ROUND(D79*E79,0) -> 30483204
A80: 2.3.3 | B80: RELLENO EN MATERIAL COMUN h=VARIABLE | C80: M3 | D80: 1044.79 | E80: 43328 | F80: =ROUND(D80*E80,0) -> 45268661
A81: 2.3.4 | B81: GRAVA 1/2" 0,25 | C81: M3 | D81: 5.7 | E81: 289020 | F81: =ROUND(D81*E81,0) -> 1647414
A82: 2.7 | B82: CARGUE Y RETIRO DE SOBRANTES
A83: 2.7.1 | B83: CARGUE Y RETIRO SOBRANTES | C83: M3 | D83: 739.24 | E83: 181427 | F83: =ROUND(D83*E83,0) -> 134118095
B84: SUBTOTAL EXCAVACIONES Y RELLENOS | F84: =+SUM(F71:F83) -> 516506095
A86: 3 | B86: REDES DE ALCANTARILLADO Y ACCESORIOS
A87: 3.1 | B87: INSTALACIÓN DE TUBERÍA
A88: 3.1.1.1 | B88: SUMINISTRO E INSTALACION DE TUBERIA PVC SANITARIA 6" | C88: ML | D88: 57 | E88: 93287 | F88: =ROUND(D88*E88,0) -> 5317359
A89: 3.1.1.2 | B89: SUMINISTRO E INSTALACION DE TUBERIA PVC SANITARIA 8" | C89: ML | D89: 386.7 | E89: 130582 | F89: =ROUND(D89*E89,0) -> 50496059
A90: 3.1.1.3 | B90: SUMINISTRO E INSTALACION DE TUBERIA PVC SANITARIA 10" | C90: ML | D90: 19.8 | E90: 185221 | F90: =ROUND(D90*E90,0) -> 3667376
A91: 3.1.1.4 | B91: SUMINISTRO E INSTALACION DE TUBERIA PVC SANITARIA 12" | C91: ML | D91: 247.2 | E91: 257800 | F91: =ROUND(D91*E91,0) -> 63728160
A92: 3.1.1.5 | B92: SUMINISTRO E INSTALACION DE CODO SANI 8" | C92: UN | D92: 4 | E92: 374287 | F92: =ROUND(D92*E92,0) -> 1497148
A93: 3.1.1.6 | B93: SUMINISTRO E INSTALACION DE TEE SANI 8" | C93: UN | D93: 4 | E93: 717273 | F93: =ROUND(D93*E93,0) -> 2869092
A94: 3.1.1.7 | B94: KITS SILLA YEE 12x6 | C94: UND | D94: 26 | E94: 389254 | F94: =ROUND(D94*E94,0) -> 10120604
B95: SUBTOTAL REDES DE ALCANTARILLADO Y ACCESORIOS | F95: =+SUM(F88:F94) -> 137695798
A97: 4 | B97: POZOS DE INSPECCIÓN NUEVOS, CAJA DOMICILIARIAS, ANCLAJES
A98: 4.1.1.1 | B98: MURO EN LADRILLO TOLETE PARA CAJAS DE 0.90 X 0.90 | C98: M2 | D98: 20.01 | E98: 103227 | F98: =ROUND(D98*E98,0) -> 2065572
A99: 4.1.1.2 | B99: CILINDRO POZO EN LADRILLO TOLETE, Di=2.20M, E=0.25M (INC. PAÑETE INTERNO E=1.5CM Y CAÑUELA | C99: ML | D99: 100 | E99: 1257421 | F99: =ROUND(D99*E99,0) -> 125742100
A100: 4.1.1.3 | B100: CILINDRO POZO EN LADRILLO TOLETE, Di=1.20M, E=0.35M (INC. PAÑETE INTERNO E=1.5CM Y CAÑUELA | C100: ML | D100: 83.7 | E100: 1748173 | F100: =ROUND(D100*E100,0) -> 146322080
A101: 4.1.1.4 | B101: ACERO DE REFUERZO DE 60.000 PSI PARA PLACA FONDO Y PLACA CUBIERTA | C101: KG | D101: 5000 | E101: 11246 | F101: =ROUND(D101*E101,0) -> 56230000
A102: 4.1.1.5 | B102: CONCRETO DE 3.000 PSI PARA PLACA DE FONDO POZO MAMPOSTERIA | C102: M3 | D102: 7.2 | E102: 1427436 | F102: =ROUND(D102*E102,0) -> 10277539
A103: 4.1.1.6 | B103: CONCRETO DE 4.000 PSI PARA PLACA CUBIERTA POZO DE MAMPOSTERIA | C103: M3 | D103: 5.12 | E103: 1500221 | F103: =ROUND(D103*E103,0) -> 7681132
A104: 4.1.1.7 | B104: CONCRETO DE 4.000 PSI PARA PLACA CUBIERTA POZO ESPECIAL | C104: M3 | D104: 5.74 | E104: 1500221 | F104: =ROUND(D104*E104,0) -> 8611269
A105: 4.1.1.8 | B105: CONCRETO DE 2.500 PSI PARA CAMARA DE CAIDA | C105: M3 | D105: 4 | E105: 985955 | F105: =ROUND(D105*E105,0) -> 3943820
A106: 4.1.1.9 | B106: CONCRETO DE 3.000 PSI PARA ANCLAJES Y CAJAS DOMICILIARIAS | C106: M3 | D106: 32.27 | E106: 1427436 | F106: =ROUND(D106*E106,0) -> 46063360
A107: 4.1.1.10 | B107: TAPA CON MARCO PREFABRICADO CON REFUERZO DE ACERO CAJA DOMICILIARIA 0,90*0,90 | C107: UN | D107: 26 | E107: 306612 | F107: =ROUND(D107*E107,0) -> 7971912
A108: 4.1.1.11 | B108: TAPA DE ACERO EN CONCRETO PREFABRICADO DIAMETRO 0,70 M | C108: UN | D108: 24 | E108: 781900 | F108: =ROUND(D108*E108,0) -> 18765600
...

Sheet Proponente Cachipay
A1: OPTIMIZACIÓN DEL SISTEMA DE ALCANTARILLADO SANITARIO Y PLUVIAL FASE 1 DEL MUNICIPIO DE CACHIPAY, CUNDINAMARCA
A2: OFERTA ECONOMICA
A3: ALCANTARILLADO PLUVIAL
A4: ITEM | B4: DESCRIPCIÓN | C4: UND | D4: CANTIDAD | E4: VR. UNITARIO | F4: VALOR TOTAL
A5: 1 | B5: ACTIVIDADES PRELIMINARES
A6: 1.1 | B6: LOCALIZACION Y REPLANTEO
A7: 1.1.1 | B7: LOCALIZACION Y REPLANTEO DE POZOS | C7: M2 | D7: 94.74
A8: 1.1.2 | B8: LOCALIZACION Y REPLANTEO DE REDES | C8: ML | D8: 634.8
A9: 1.2 | B9: DEMOLICIONES PAVIMENTOS Y DESMONTE
A10: 1.2.2 | B10: DEMOLICION PAVIMENTO RIGIDO | C10: M3 | D10: 192.35
A11: 1.2.3 | B11: CORTE DE PAVIMENTO | C11: ML | D11: 1349.1
A12: 1.2.4 | B12: DEMOLICION SARDINEL | C12: M3 | D12: 3.12
A13: 1.2.5 | B13: REPOSICION DE SARDINEL | C13: ML | D13: 52
B14: SUB TOTAL ACTIVIDADES PRELIMINARES
A16: 2 | B16: EXCAVACIONES Y RELLENOS
A17: 2.1 | B17: EXCAVACIONES A MANO EN CONGLOMERADO Y BAJO AGUA
A18: 2.1.1 | B18: EXCAVACIONES A MANO EN CONGLOMERADO. | C18: M3 | D18: 6
A19: 2.1.2 | B19: EXCAVACIONES A MAQUINA | C19: M3 | D19: 6
A20: 2.1.3 | B20: EXCAVACION EN ROCA | C20: M3 | D20: 863.33
A21: 2.2 | B21: ENTIBADOS
A22: 2.2.1 | B22: ENTIBADO TIPO 1 UTILIZACIONES ( MADERA) | C22: M2 | D22: 1336.13
A23: 2.3 | B23: RELLENOS
A24: 2.3.1 | B24: GRAVA 1/2" 0,25 | C24: M3 | D24: 116.63
A25: 2.3.2 | B25: SUB BASE GRANULAR B400 0,30 | C25: M3 | D25: 139.96
A26: 2.3.3 | B26: RELLENO EN MATERIAL COMUN h=VARIABLE | C26: M3 | D26: 293.44
A27: 2.3.4 | B27: RECEBO COMUN 0,20*2 | C27: M3 | D27: 186.61
A28: 2.7 | B28: CARGUE Y RETIRO DE SOBRANTES
A29: 2,7,1 | B29: CARGUE Y RETIRO SOBRANTES | C29: M3 | D29: 641.09
B30: SUBTOTAL EXCAVACIONES Y RELLENOS
A32: 3 | B32: REDES DE ALCANTARILLADO Y ACCESORIOS
A33: 3.1 | B33: INSTALACIÓN DE TUBERÍA
A34: 3.1.1 | B34: INSTALACIÓN DE TUBERÍA PARA ALCANTARILLADO DE PARED ESTRUCTURAL PVC, DOBLE EXTRUSIÓN, PARED INTERIOR LISA Y EXTERIOR CORRUGADA, SISTEMA DE UNIÓN MECÁNICO, CAMPANA ESPIGO CON HIDROSELLO DE CAUCHO
A35: 3.1.1.1 | B35: SUMINISTRO E INSTALACION DE TUBERIA PVC 10" | C35: ML | D35: 408.5
A36: 3.1.1.2 | B36: SUMINISTRO E INSTALACION DE TUBERIA PVC 12" | C36: ML | D36: 103.8
A37: 3.1.1.3 | B37: SUMINISTRO E INSTALACION DE TUBERIA PVC 16" | C37: ML | D37: 122.5
B38: SUBTOTAL REDES DE ALCANTARILLADO Y ACCESORIOS
A40: 4 | B40: POZOS DE INSPECCIÓN NUEVOS
A41: 4.1 | B41: POZOS DE INSPECCIÓN EN MAMPOSTERIA NUEVO
A42: 4.1.1 | B42: CILINDROS EN MAMPOSTERIA D=1,70 M
A43: 4.1.1.1 | B43: CILINDRO POZO EN LADRILLO TOLETE, Di=1.20M, E=0.25M (INC. PAÑETE INTERNO E=1.5CM Y CAÑUELA | C43: ML | D43: 99.33
A44: 4.1.1.2 | B44: ACERO DE REFUERZO DE 60.000 PSI PARA PLACA FONDO Y PLACA CUBIERTA | C44: KG | D44: 5296.45
A45: 4.1.1.3 | B45: CONCRETO DE 3.000 PSI PARA PLACA DE FONDO | C45: M3 | D45: 67.51
A46: 4.1.1.4 | B46: CONCRETO DE 4.000 PSI PARA PLACA CUBIERTA | C46: M3 | D46: 4.81
A47: 4.1.1.5 | B47: CONCRETODE 3.000 PSI PARA SUMIDEROS | C47: M3 | D47: 41.38
A48: 4.1.1.6 | B48: ACERO DE REFUERZO DE 60.000 PSI PARA SUMIDEROS | C48: KG | D48: 8809.7
A49: 4.1.1.7 | B49: REJILLA HORIZONTAL DE 0,835*0,455*0,10 SEGÚN NORMA NP-023UND | C49: UN | D49: 26
A50: 4.1.1.8 | B50: TAPA DE ACERO EN CONCRETO PREFABRICADO DIAMETRO 0,70 M | C50: UN | D50: 15
A51: 4.1.1.10 | B51: REJILLA HORIZONTAL DE 0,80*0,15 CON MARCO EN PLATINA | C51: UND | D51: 21
A52: 4.1.1.11 | B52: TAPA EN CONCRETO PREFABRICADO CON MARCO DE 1 M * 1 M | C52: UND | D52: 21
B53: SUBTOTAL POZOS DE INSPECCIÓN NUEVOS
B55: SUBTOTAL OBRA CIVIL + SUMINISTRO ALCANTARILLADO PLUVIAL + AIU
A57: ALCANTARILLADO SANITARIO
A58: ITEM | B58: DESCRIPCIÓN | C58: UND | D58: CANTIDAD | E58: VR. UNITARIO | F58: VALOR TOTAL
A59: 1 | B59: ACTIVIDADES PRELIMINARES
A60: 1.1 | B60: LOCALIZACION Y REPLANTEO
A61: 1.1.1 | B61: LOCALIZACION Y REPLANTEO DE POZOS | C61: M2 | D61: 120.54
A62: 1.1.2 | B62: LOCALIZACION Y REPLANTEO DE REDES | C62: ML | D62: 718.7
A63: 1.2 | B63: DEMOLICIONES PAVIMENTOS Y DESMONTE
A64: 1.2.1 | B64: DEMOLICION DE POZOS EXISTENTES | C64: M3 | D64: 92.34
A65: 1.2.2 | B65: DEMOLICION PAVIMENTO RIGIDO | C65: M3 | D65: 429.36
A66: 1.2.3 | B66: CORTE DE PAVIMENTO | C66: ML | D66: 1642.2
B67: SUBTOTAL PRELIMINARES
A69: 2 | B69: EXCAVACIONES Y RELLENOS
A70: 2.1 | B70: EXCAVACIONES A MANO EN CONGLOMERADO Y BAJO AGUA
A71: 2.1.1 | B71: EXCAVACIONES A MANO EN CONGLOMERADO. | C71: M3 | D71: 88.54
A72: 2.1.2 | B72: EXCAVACIONES A MAQUINA | C72: M3 | D72: 1188.73
A73: 2.1.3 | B73: EXCAVACION EN ROCA | C73: M3 | D73: 6
A74: 2.2 | B74: ENTIBADOS
A75: 2.2.1 | B75: ENTIBADO TIPO 1 UTILIZACIONES 1/7 ( MADERA) | C75: M2 | D75: 1164.18
A76: 2.2.2 | B76: ENTIBADO METALICO | C76: M2 | D76: 1967.91
A77: 2.3 | B77: RELLENOS
A78: 2.3.1 | B78: RECEBO COMUN 0,20*2 | C78: M3 | D78: 9.12
A79: 2.3.2 | B79: SUB BASE GRANULAR B400 0,30 | C79: M3 | D79: 126.84
A80: 2.3.3 | B80: RELLENO EN MATERIAL COMUN h=VARIABLE | C80: M3 | D80: 1044.79
A81: 2.3.4 | B81: GRAVA 1/2" 0,25 | C81: M3 | D81: 5.7
A82: 2.7 | B82: CARGUE Y RETIRO DE SOBRANTES
A83: 2.7.1 | B83: CARGUE Y RETIRO SOBRANTES | C83: M3 | D83: 739.24
B84: SUBTOTAL EXCAVACIONES Y RELLENOS
A86: 3 | B86: REDES DE ALCANTARILLADO Y ACCESORIOS
A87: 3.1 | B87: INSTALACIÓN DE TUBERÍA
A88: 3.1.1.1 | B88: SUMINISTRO E INSTALACION DE TUBERIA PVC SANITARIA 6" | C88: ML | D88: 57
A89: 3.1.1.2 | B89: SUMINISTRO E INSTALACION DE TUBERIA PVC SANITARIA 8" | C89: ML | D89: 386.7
A90: 3.1.1.3 | B90: SUMINISTRO E INSTALACION DE TUBERIA PVC SANITARIA 10" | C90: ML | D90: 19.8
A91: 3.1.1.4 | B91: SUMINISTRO E INSTALACION DE TUBERIA PVC SANITARIA 12" | C91: ML | D91: 247.2
A92: 3.1.1.5 | B92: SUMINISTRO E INSTALACION DE CODO SANI 8" | C92: UN | D92: 4
A93: 3.1.1.6 | B93: SUMINISTRO E INSTALACION DE TEE SANI 8" | C93: UN | D93: 4
A94: 3.1.1.7 | B94: KITS SILLA YEE 12x6 | C94: UND | D94: 26
B95: SUBTOTAL REDES DE ALCANTARILLADO Y ACCESORIOS
A97: 4 | B97: POZOS DE INSPECCIÓN NUEVOS, CAJA DOMICILIARIAS, ANCLAJES
A98: 4.1.1.1 | B98: MURO EN LADRILLO TOLETE PARA CAJAS DE 0.90 X 0.90 | C98: M2 | D98: 20.01
A99: 4.1.1.2 | B99: CILINDRO POZO EN LADRILLO TOLETE, Di=2.20M, E=0.25M (INC. PAÑETE INTERNO E=1.5CM Y CAÑUELA | C99: ML | D99: 100
A100: 4.1.1.3 | B100: CILINDRO POZO EN LADRILLO TOLETE, Di=1.20M, E=0.35M (INC. PAÑETE INTERNO E=1.5CM Y CAÑUELA | C100: ML | D100: 83.7
A101: 4.1.1.4 | B101: ACERO DE REFUERZO DE 60.000 PSI PARA PLACA FONDO Y PLACA CUBIERTA | C101: KG | D101: 5000
A102: 4.1.1.5 | B102: CONCRETO DE 3.000 PSI PARA PLACA DE FONDO POZO MAMPOSTERIA | C102: M3 | D102: 7.2
A103: 4.1.1.6 | B103: CONCRETO DE 4.000 PSI PARA PLACA CUBIERTA POZO DE MAMPOSTERIA | C103: M3 | D103: 5.12
A104: 4.1.1.7 | B104: CONCRETO DE 4.000 PSI PARA PLACA CUBIERTA POZO ESPECIAL | C104: M3 | D104: 5.74
A105: 4.1.1.8 | B105: CONCRETO DE 2.500 PSI PARA CAMARA DE CAIDA | C105: M3 | D105: 4
A106: 4.1.1.9 | B106: CONCRETO DE 3.000 PSI PARA ANCLAJES Y CAJAS DOMICILIARIAS | C106: M3 | D106: 32.27
A107: 4.1.1.10 | B107: TAPA CON MARCO PREFABRICADO CON REFUERZO DE ACERO CAJA DOMICILIARIA 0,90*0,90 | C107: UN | D107: 26
A108: 4.1.1.11 | B108: TAPA DE ACERO EN CONCRETO PREFABRICADO DIAMETRO 0,70 M | C108: UN | D108: 24
...

Sheet Entidad Caqueza
A1: PLAN MAESTRO DE ALCANTARILLADO DEL CASCO URBANO DEL MUNICIPIO DE CÁQUEZA CUNDINAMARCA – FASE I
A2: PRESUPUESTO OFICIAL
A3: ALCANTARILLADO SANITARIO
A4: SANITARIO CENTRO
A5: ITEM | B5: DESCRIPCIÓN | C5: UND | D5: CANTIDAD | E5: VR. UNITARIO | F5: VALOR TOTAL
A6: 1 | B6: OBRAS PRELIMINARES
A7: 1.1 | B7: ACTIVIDADES PRELIMINARES
A8: 1.1.1 | B8: LOCALIZACIÓN Y REPLANTEO DE REDES (INCLUYE EQUIPO DE TOPOGRAFIA, CINTA Y HERRAMIENTA MENOR) | C8: ML | D8: 1580.18 | E8: 6039 | F8: =+ROUND(D8*E8,0) -> 9542707
A9: 2 | B9: EXCAVACIONES, DEMOLICIONES, ENTIBADOS Y RELLENOS
A10: 2.1 | B10: EXCAVACIONES
A11: 2.1.1 | B11: EXCAVACIONES MANUALES DE 0 A 2 m DE PROFUNDIDAD
A12: 2.1.1.1 | B12: EXCAVACIONES EN MATERIAL COMÚN DE 0,00 A 2,00M | C12: M3 | D12: 1116.55 | E12: 55702 | F12: =+ROUND(D12*E12,0) -> 62194068
A13: 2.1.2 | B13: EXCAVACIONES DE 0 A 4 m DE PROFUNDIDAD
A14: 2.1.2.1 | B14: EXCAVACIONES EN MATERIAL COMÚN DE 2 A 4,00M | C14: M3 | D14: 2539.51 | E14: 72586 | F14: =+ROUND(D14*E14,0) -> 184332873
A15: 2.1.3 | B15: EXCAVACIONES MAYORES A 4 m DE PROFUNDIDAD
A16: 2.1.3.1 | B16: EXCAVACIONES EN MATERIAL COMÚN MAYORES 4,00M | C16: M3 | D16: 300.13 | E16: 60488 | F16: =+ROUND(D16*E16,0) -> 18154263
A17: 2.2 | B17: RELLENOS ( INCLUYE SUMINISTRO E INSTALACIÓN)
A18: 2.2.1 | B18: RELLENO CON MATERIAL SELECCIONADO PROCEDENTE DE LA EXCAVACIÓN | C18: M³ | D18: 1435.47 | E18: 33406 | F18: =+ROUND(D18*E18,0) -> 47953311
A19: 2.2.2 | B19: BASE GRANULAR | C19: M³ | D19: 109.85 | E19: 162365 | F19: =+ROUND(D19*E19,0) -> 17835795
A20: 2.2.3 | B20: SUBBASE GRANULAR | C20: M³ | D20: 539.46 | E20: 154475 | F20: =+ROUND(D20*E20,0) -> 83333084
A21: 2.2.4 | B21: B-200 RECEBO SELECCIONADO | C21: M³ | D21: 668.49 | E21: 86280 | F21: =+ROUND(D21*E21,0) -> 57677317
A22: 2.2.5 | B22: RELLENO CON ARENA DE PEÑA (TIPO 7) | C22: M³ | D22: 371.97 | E22: 185505 | F22: =+ROUND(D22*E22,0) -> 69002295
A23: 2.5 | B23: DEMOLICIÓN
A24: 2.5.4 | B24: DEMOLICIÓN DE PAVIMENTO RÍGIDO | C24: M3 | D24: 91.34 | E24: 120368 | F24: =+ROUND(D24*E24,0) -> 10994413
A25: 2.3 | B25: CARGUE, DESCARGUE, TRANSPORTE Y DISPOSICIÓN DE MATERIALES
A26: 2.3.3 | B26: CARGUE Y DISPOSICIÓN DE SOBRANTES HASTA SITIO AUTORIZADO | C26: M³ | D26: 2605.22 | E26: 117991 | F26: =+ROUND(D26*E26,0) -> 307392513
A28: 2.6 | B28: ENTIBADOS
A29: 2.6.4 | B29: ENTIBADO TIPO E1A CONTINUO EN CAJONES DE ALUMINIO O DE ACERO. PROFUNDIDAD 0-2m | C29: M2 | D29: 1925.78 | E29: 78501 | F29: =+ROUND(D29*E29,0) -> 151175656
A30: 2.6.5 | B30: ENTIBADO TIPO E1B CONTINUO EN CAJONES DE ACERO. PROFUNDIDAD 0-3m | C30: M2 | D30: 4587.69 | E30: 80012 | F30: =+ROUND(D30*E30,0) -> 367070252
A31: 2.6.6 | B31: ENTIBADO TIPO DESLIZANTE E2 | C31: M2 | D31: 593.56 | E31: 83918 | F31: =+ROUND(D31*E31,0) -> 49810368
A32: 3 | B32: CONCRETOS, MORTEROS, ACERO DE REFUERZO Y ADITIVOS
A33: 3.1 | B33: CONCRETO
A34: 3.1.1 | B34: CONCRETOS SIMPLES
A35: 3.1.1.2 | B35: CONCRETO SIMPLE RESIST. 10.5 MPA (105KG/CM2) | C35: M3 | D35: 10.26 | E35: 775028 | F35: =+ROUND(D35*E35,0) -> 7951787
A36: 5 | B36: REDES A FLUJO LIBRE
A37: 5.1 | B37: INSTALACIÓN TUBERÍAS EN PVC
A38: 5.1.1 | B38: SUMINISTRO E INSTALACIÓN TUBERÍA PVC DIÁMETRO 6" | C38: ML | D38: 210 | E38: 92622 | F38: =+ROUND(D38*E38,0) -> 19450620
A39: 5.1.4 | B39: SUMINISTRO E INSTALACIÓN TUBERÍA PVC DIÁMETRO 12" | C39: ML | D39: 538.78 | E39: 183427 | F39: =+ROUND(D39*E39,0) -> 98826799
A40: 5.1.8 | B40: SUMINISTRO E INSTALACIÓN TUBERÍA PVC REFORZADO DIÁMETRO 20" | C40: ML | D40: 831 | E40: 799107 | F40: =+ROUND(D40*E40,0) -> 664057917
A41: 5.3 | B41: POZOS DE INSPECCIÓN
A42: 5.3.1 | B42: SUMINISTRO E INSTA BASE Y CAÑUELA PARA POZO D=1.20 M | C42: UN | D42: 54 | E42: 1475257 | F42: =+ROUND(D42*E42,0) -> 79663878
A43: 5.3.4 | B43: SUMINISTRO E INSTALACIÓN CARGUE CIRCULAR D= 1.0 M, TAPA D=0.70 M, POZO CÓNICO | C43: UN | D43: 54 | E43: 718944 | F43: =+ROUND(D43*E43,0) -> 38822976
A44: 5.3.8 | B44: SUMINISTRO E INSTALACIÓN CILINDRO PARA POZO INSP D=1.20 E=0.20 M | C44: ML | D44: 96.62 | E44: 1156386 | F44: =+ROUND(D44*E44,0) -> 111730015
A45: 5.3.17 | B45: TAPA PARA POZO TIPO EAAB D=0,70CM | C45: UN | D45: 54 | E45: 1285659 | F45: =+ROUND(D45*E45,0) -> 69425586
A46: 5.3.25 | B46: SUMINISTRO E INSTALACIÓN ESCALERA DE ACCESO EN POLIPROPILENO CON REFUERZO INTERNO EN ACERO | C46: ML | D46: 134.8 | E46: 238412 | F46: =+ROUND(D46*E46,0) -> 32137938
A47: 5.4 | B47: CÁMARAS DE CAÍDA
A48: 5.4.1 | B48: BAJANTES PARA CÁMARA DE CAÍDA D=8" PARA TUBERÍA FLEXIBLE | C48: M | D48: 58.62 | E48: 1114262 | F48: =+ROUND(D48*E48,0) -> 65318038
A49: 5.4.2 | B49: BAJANTE PARA CÁMARA DE CAÍDA D=12" PARA TUBERÍA FLEXIBLE | C49: M | D49: 10.05 | E49: 1826269 | F49: =+ROUND(D49*E49,0) -> 18354003
A50: 5.5 | B50: CONSTRUCCION CAJAS
A51: 5.5.4 | B51: CONSTRUCCIÓN CAJA DOMICILIARIA DE 0.60 X 0.60 M EN MAMPOSTERÍA INCLUYE TAPA Y PLACA DE FONDO | C51: UN | D51: 35 | E51: 1514954 | F51: =+ROUND(D51*E51,0) -> 53023390
A52: 5.6 | B52: CONEXIONES DOMICILIARIAS REDES A FLUJO LIBRE
A53: 5.6.3 | B53: "Conexión domiciliaria alcantarillado Silla Yee 6"X12" | C53: UN | D53: 16 | E53: 452093 | F53: =+ROUND(D53*E53,0) -> 7233488
A54: 5.6.6 | B54: "Conexión domiciliaria alcantarillado Silla Yee 6"X20" | C54: UN | D54: 19 | E54: 1190939 | F54: =+ROUND(D54*E54,0) -> 22627841
A55: 5.11 | B55: RECONSTRUCCIÓN DE PAVIMENTOS, ANDENES Y SARDINELES
A56: 5.11.1 | B56: PAVIMENTO RÍGIDO MR 41 HECHO EN OBRA | C56: M3 | D56: 91.34 | E56: 1341852 | F56: =+ROUND(D56*E56,0) -> 122564762
A57: 3.3 | B57: ACERO
A58: 3.3.1 | B58: ACERO DE REFUERZO DE 60000 PSI (ASTM A706 GRADO 60 FY=420MPA, INCLUYE TRANSPORTE, FIGURADO Y COLOCACIÓN) | C58: KG | D58: 1085.32 | E58: 10808 | F58: =+ROUND(D58*E58,0) -> 11730139
A60: TOTAL OBRA CIVIL SANITARIO | F60: =+SUM(F8:F58) -> 2859388092
A62: PASOS ELEVADOS
A63: ITEM | B63: DESCRIPCIÓN | C63: UND | D63: CANTIDAD | E63: VR. UNITARIO | F63: VALOR TOTAL
A64: 2 | B64: EXCAVACIONES, DEMOLICIONES, ENTIBADOS Y RELLENOS
A65: 2.1 | B65: EXCAVACIONES
A66: 2.1.1 | B66: EXCAVACIONES MANUALES DE 0 A 2 m DE PROFUNDIDAD
A67: 2.1.1.1 | B67: EXCAVACIONES EN MATERIAL COMÚN DE 0,00 A 2,00M | C67: M3 | D67: 112 | E67: 55702 | F67: =+ROUND(D67*E67,0) -> 6238624
A68: 2.3 | B68: CARGUE, DESCARGUE, TRANSPORTE Y DISPOSICIÓN DE MATERIALES
A69: 2.3.3 | B69: CARGUE Y DISPOSICIÓN DE SOBRANTES HASTA SITIO AUTORIZADO | C69: M³ | D69: 145.6 | E69: 117991 | F69: =+ROUND(D69*E69,0) -> 17179490
A70: 3 | B70: CONCRETOS, MORTEROS, ACERO DE REFUERZO Y ADITIVOS
A71: 3.1 | B71: CONCRETO
A72: 3.1.1 | B72: CONCRETOS SIMPLES
A73: 3.1.1.3 | B73: CONCRETO SIMPLE RESIST. 14.0 MPA (140KG/CM2) | C73: M3 | D73: 0.66 | E73: 682179 | F73: =+ROUND(D73*E73,0) -> 450238
A74: 3.1.1.5 | B74: CONCRETO SIMPLE RESIST. 21.0 MPA (210KG/CM2) | C74: M3 | D74: 12 | E74: 794185 | F74: =+ROUND(D74*E74,0) -> 9530220
A75: 3.3 | B75: ACERO
A76: 3.3.1 | B76: ACERO DE REFUERZO DE 60000 PSI (ASTM A706 GRADO 60 FY=420MPA, INCLUYE TRANSPORTE, FIGURADO Y COLOCACIÓN) | C76: KG | D76: 1500.79 | E76: 10808 | F76: =+ROUND(D76*E76,0) -> 16220538
A77: 3.3.2 | B77: ACERO ESTRUCTURAL (INCLUYE TRANSPORTE, CONSTRUCCIÓN, MONTAJE DE LA ESTRUCTURA METALICA, PINTURA, ELEMENTOS DE FIJACIÓN) | C77: KG | D77: 8659.48 | E77: 26509 | F77: =+ROUND(D77*E77,0) -> 229554155
A79: TOTAL OBRA CIVIL PASOS ELEVADOS | F79: =+SUM(F66:F77) -> 279173265
B81: TOTAL OBRA CIVIL | F81: =+F60+F79 -> 3138561357
B82: APROPIACION DE DISEÑOS | F82: 150412008
B83: PMT | F83: 27317545
B84: PMA | F84: 20960030
B85: PHSEQ | F85: 16603800
B86: TOTAL PLANES | F86: =+F83+F84+F85 -> 64881375
B87: SUBTOTAL OBRA + PLANES | F87: =+F81+F86 -> 3203442732
A88: TOTAL OBRA CIVIL + APROPIACION + PLANES | F88: =+F82+F87 -> 3353854740
A90: AIU
A91: ADMINISTRACIÓN | F91: 0.3188
A92: IMPREVISTOS | F92: 0.01
A93: UTILIDAD | F93: 0.05
A94: TOTAL AIU | F94: =+F91+F92+F93 -> 0.3788
A96: NOTA 1: Se debe tener en cuenta que el PRECIO UNITARIO incluye el valor de A.I.U.
A97: NOTA 2: Cuando la fracción decimal del peso sea igual o superior a 5 se aproximara por exceso al número entero siguiente del peso y cuando la fracción decimal del peso sea inferior a 5 se aproximará por defecto al número entero del peso.
A98: NOTA 3: El A.I.U y su discriminación deben estar en porcentaje (%).
A99: NOTA 4: Para el presnete proyecto la entidad contemplo que el valor de APROPIACION DE DISEÑOS se considera como un valor fijo el cual es de $ 150.412.008,00

Sheet Proponente Caqueza
A1: PLAN MAESTRO DE ALCANTARILLADO DEL CASCO URBANO DEL MUNICIPIO DE CÁQUEZA CUNDINAMARCA – FASE I
A2: OFERTA ECONOMICA
A3: ALCANTARILLADO SANITARIO
A4: SANITARIO CENTRO
A5: ITEM | B5: DESCRIPCIÓN | C5: UND | D5: CANTIDAD | E5: VR. UNITARIO | F5: VALOR TOTAL
A6: 1 | B6: OBRAS PRELIMINARES
A7: 1.1 | B7: ACTIVIDADES PRELIMINARES
A8: 1.1.1 | B8: LOCALIZACIÓN Y REPLANTEO DE REDES (INCLUYE EQUIPO DE TOPOGRAFIA, CINTA Y HERRAMIENTA MENOR) | C8: ML | D8: 1580.18
A9: 2 | B9: EXCAVACIONES, DEMOLICIONES, ENTIBADOS Y RELLENOS
A10: 2.1 | B10: EXCAVACIONES
A11: 2.1.1 | B11: EXCAVACIONES MANUALES DE 0 A 2 m DE PROFUNDIDAD
A12: 2.1.1.1 | B12: EXCAVACIONES EN MATERIAL COMÚN DE 0,00 A 2,00M | C12: M3 | D12: 1116.55
A13: 2.1.2 | B13: EXCAVACIONES DE 0 A 4 m DE PROFUNDIDAD
A14: 2.1.2.1 | B14: EXCAVACIONES EN MATERIAL COMÚN DE 2 A 4,00M | C14: M3 | D14: 2539.51
A15: 2.1.3 | B15: EXCAVACIONES MAYORES A 4 m DE PROFUNDIDAD
A16: 2.1.3.1 | B16: EXCAVACIONES EN MATERIAL COMÚN MAYORES 4,00M | C16: M3 | D16: 300.13
A17: 2.2 | B17: RELLENOS ( INCLUYE SUMINISTRO E INSTALACIÓN)
A18: 2.2.1 | B18: RELLENO CON MATERIAL SELECCIONADO PROCEDENTE DE LA EXCAVACIÓN | C18: M³ | D18: 1435.47
A19: 2.2.2 | B19: BASE GRANULAR | C19: M³ | D19: 109.85
A20: 2.2.3 | B20: SUBBASE GRANULAR | C20: M³ | D20: 539.46
A21: 2.2.4 | B21: B-200 RECEBO SELECCIONADO | C21: M³ | D21: 668.49
A22: 2.2.5 | B22: RELLENO CON ARENA DE PEÑA (TIPO 7) | C22: M³ | D22: 371.97
A23: 2.5 | B23: DEMOLICIÓN
A24: 2.5.4 | B24: DEMOLICIÓN DE PAVIMENTO RÍGIDO | C24: M3 | D24: 91.34
A25: 2.3 | B25: CARGUE, DESCARGUE, TRANSPORTE Y DISPOSICIÓN DE MATERIALES
A26: 2.3.3 | B26: CARGUE Y DISPOSICIÓN DE SOBRANTES HASTA SITIO AUTORIZADO | C26: M³ | D26: 2605.22
A28: 2.6 | B28: ENTIBADOS
A29: 2.6.4 | B29: ENTIBADO TIPO E1A CONTINUO EN CAJONES DE ALUMINIO O DE ACERO. PROFUNDIDAD 0-2m | C29: M2 | D29: 1925.78
A30: 2.6.5 | B30: ENTIBADO TIPO E1B CONTINUO EN CAJONES DE ACERO. PROFUNDIDAD 0-3m | C30: M2 | D30: 4587.69
A31: 2.6.6 | B31: ENTIBADO TIPO DESLIZANTE E2 | C31: M2 | D31: 593.56
A32: 3 | B32: CONCRETOS, MORTEROS, ACERO DE REFUERZO Y ADITIVOS
A33: 3.1 | B33: CONCRETO
A34: 3.1.1 | B34: CONCRETOS SIMPLES
A35: 3.1.1.2 | B35: CONCRETO SIMPLE RESIST. 10.5 MPA (105KG/CM2) | C35: M3 | D35: 10.26
A36: 5 | B36: REDES A FLUJO LIBRE
A37: 5.1 | B37: INSTALACIÓN TUBERÍAS EN PVC
A38: 5.1.1 | B38: SUMINISTRO E INSTALACIÓN TUBERÍA PVC DIÁMETRO 6" | C38: ML | D38: 210
A39: 5.1.4 | B39: SUMINISTRO E INSTALACIÓN TUBERÍA PVC DIÁMETRO 12" | C39: ML | D39: 538.78
A40: 5.1.8 | B40: SUMINISTRO E INSTALACIÓN TUBERÍA PVC REFORZADO DIÁMETRO 20" | C40: ML | D40: 831
A41: 5.3 | B41: POZOS DE INSPECCIÓN
A42: 5.3.1 | B42: SUMINISTRO E INSTA BASE Y CAÑUELA PARA POZO D=1.20 M | C42: UN | D42: 54
A43: 5.3.4 | B43: SUMINISTRO E INSTALACIÓN CARGUE CIRCULAR D= 1.0 M, TAPA D=0.70 M, POZO CÓNICO | C43: UN | D43: 54
A44: 5.3.8 | B44: SUMINISTRO E INSTALACIÓN CILINDRO PARA POZO INSP D=1.20 E=0.20 M | C44: ML | D44: 96.62
A45: 5.3.17 | B45: TAPA PARA POZO TIPO EAAB D=0,70CM | C45: UN | D45: 54
A46: 5.3.25 | B46: SUMINISTRO E INSTALACIÓN ESCALERA DE ACCESO EN POLIPROPILENO CON REFUERZO INTERNO EN ACERO | C46: ML | D46: 134.8
A47: 5.4 | B47: CÁMARAS DE CAÍDA
A48: 5.4.1 | B48: BAJANTES PARA CÁMARA DE CAÍDA D=8" PARA TUBERÍA FLEXIBLE | C48: M | D48: 58.62
A49: 5.4.2 | B49: BAJANTE PARA CÁMARA DE CAÍDA D=12" PARA TUBERÍA FLEXIBLE | C49: M | D49: 10.05
A50: 5.5 | B50: CONSTRUCCION CAJAS
A51: 5.5.4 | B51: CONSTRUCCIÓN CAJA DOMICILIARIA DE 0.60 X 0.60 M EN MAMPOSTERÍA INCLUYE TAPA Y PLACA DE FONDO | C51: UN | D51: 35
A52: 5.6 | B52: CONEXIONES DOMICILIARIAS REDES A FLUJO LIBRE
A53: 5.6.3 | B53: "Conexión domiciliaria alcantarillado Silla Yee 6"X12" | C53: UN | D53: 16
A54: 5.6.6 | B54: "Conexión domiciliaria alcantarillado Silla Yee 6"X20" | C54: UN | D54: 19
A55: 5.11 | B55: RECONSTRUCCIÓN DE PAVIMENTOS, ANDENES Y SARDINELES
A56: 5.11.1 | B56: PAVIMENTO RÍGIDO MR 41 HECHO EN OBRA | C56: M3 | D56: 91.34
A57: 3.3 | B57: ACERO
A58: 3.3.1 | B58: ACERO DE REFUERZO DE 60000 PSI (ASTM A706 GRADO 60 FY=420MPA, INCLUYE TRANSPORTE, FIGURADO Y COLOCACIÓN) | C58: KG | D58: 1085.32
A60: TOTAL OBRA CIVIL SANITARIO
A62: PASOS ELEVADOS
A63: ITEM | B63: DESCRIPCIÓN | C63: UND | D63: CANTIDAD | E63: VR. UNITARIO | F63: VALOR TOTAL
A64: 2 | B64: EXCAVACIONES, DEMOLICIONES, ENTIBADOS Y RELLENOS
A65: 2.1 | B65: EXCAVACIONES
A66: 2.1.1 | B66: EXCAVACIONES MANUALES DE 0 A 2 m DE PROFUNDIDAD
A67: 2.1.1.1 | B67: EXCAVACIONES EN MATERIAL COMÚN DE 0,00 A 2,00M | C67: M3 | D67: 112
A68: 2.3 | B68: CARGUE, DESCARGUE, TRANSPORTE Y DISPOSICIÓN DE MATERIALES
A69: 2.3.3 | B69: CARGUE Y DISPOSICIÓN DE SOBRANTES HASTA SITIO AUTORIZADO | C69: M³ | D69: 145.6
A70: 3 | B70: CONCRETOS, MORTEROS, ACERO DE REFUERZO Y ADITIVOS
A71: 3.1 | B71: CONCRETO
A72: 3.1.1 | B72: CONCRETOS SIMPLES
A73: 3.1.1.3 | B73: CONCRETO SIMPLE RESIST. 14.0 MPA (140KG/CM2) | C73: M3 | D73: 0.66
A74: 3.1.1.5 | B74: CONCRETO SIMPLE RESIST. 21.0 MPA (210KG/CM2) | C74: M3 | D74: 12
A75: 3.3 | B75: ACERO
A76: 3.3.1 | B76: ACERO DE REFUERZO DE 60000 PSI (ASTM A706 GRADO 60 FY=420MPA, INCLUYE TRANSPORTE, FIGURADO Y COLOCACIÓN) | C76: KG | D76: 1500.79
A77: 3.3.2 | B77: ACERO ESTRUCTURAL (INCLUYE TRANSPORTE, CONSTRUCCIÓN, MONTAJE DE LA ESTRUCTURA METALICA, PINTURA, ELEMENTOS DE FIJACIÓN) | C77: KG | D77: 8659.48
A79: TOTAL OBRA CIVIL PASOS ELEVADOS
B81: TOTAL OBRA CIVIL
B82: APROPIACION DE DISEÑOS
B83: PMT
B84: PMA
B85: PHSEQ
B86: TOTAL PLANES
B87: SUBTOTAL OBRA + PLANES
A88: TOTAL OBRA CIVIL + APROPIACION + PLANES
A90: AIU
A91: ADMINISTRACIÓN
A92: IMPREVISTOS
A93: UTILIDAD
A94: TOTAL AIU
A96: NOTA 1: Se debe tener en cuenta que el PRECIO UNITARIO incluye el valor de A.I.U.
A97: NOTA 2: Cuando la fracción decimal del peso sea igual o superior a 5 se aproximara por exceso al número entero siguiente del peso y cuando la fracción decimal del peso sea inferior a 5 se aproximará por defecto al número entero del peso.
A98: NOTA 3: El A.I.U y su discriminación deben estar en porcentaje (%).
A99: NOTA 4: Para el presnete proyecto la entidad contemplo que el valor de APROPIACION DE DISEÑOS se considera como un valor fijo el cual es de $ 150.412.008,00

Sheet Entidad San Antonio
A1: CONSTRUCCION DE ALCANTARILLADO DEL CENTRO POBLADO SANTANDERCITO, BELLAVISTA DEL MUNICIPIO SAN ANTONIO DE TEQUENDAMA, CUNDINAMARCA
A2: PRESUPUESTO OFICIAL
A3: ALCANTARILLADO
A4: ITEM | B4: DESCRIPCIÓN | C4: UND | D4: CANTIDAD | E4: VR. UNITARIO | F4: VALOR TOTAL
A5: 1 | B5: ACTIVIDADES PRELIMINARES
A6: 1.1 | B6: LOCALIZACION Y REPLANTEO
A7: 1.1.1 | B7: LOCALIZACIÓN Y REPLANTEO REDES | C7: ML | D7: 2891.82 | E7: 17432 | F7: =ROUND(D7*E7,0) -> 50410206
A8: 1.2 | B8: DEMOLICIONES PAVIMENTOS Y DESMONTE
A9: 1,2,1 | B9: DEMOLICIÓN DE PLACA HUELLA | C9: M3 | D9: 105.04 | E9: 45845 | F9: =ROUND(D9*E9,0) -> 4815559
A10: 1.2.2 | B10: DEMOLICIÓN DE PAVIMENTO FLEXIBLE | C10: M3 | D10: 173.98 | E10: 24879 | F10: =ROUND(D10*E10,0) -> 4328448
A11: 1.2.3 | B11: DEMOLICIÓN DE PAVIMENTO RIGIDO | C11: M3 | D11: 81.42 | E11: 23960 | F11: =ROUND(D11*E11,0) -> 1950823
A12: 1.2.4 | B12: DEMOLICION ADOQUIN SOBRE ARENA H=0.15M | C12: M2 | D12: 410.51 | E12: 18455 | F12: =ROUND(D12*E12,0) -> 7575962
A13: 1.2.5 | B13: CORTE DE PAVIMENTO | C13: ML | D13: 3470.85 | E13: 15301 | F13: =ROUND(D13*E13,0) -> 53107476
B14: SUB TOTAL ACTIVIDADES PRELIMINARES | F14: =ROUND(SUM(F7:F13),0) -> 122188474
A15: 2 | B15: EXCAVACIONES Y RELLENOS
A16: 2.1 | B16: EXCAVACIONES A MANO EN CONGLOMERADO Y BAJO AGUA
A17: 2.1.1 | B17: EXCAVACIONES A MANO EN CONGLOMERADO. | C17: M3 | D17: 837.62 | E17: 121186 | F17: =ROUND(D17*E17,0) -> 101507817
A18: 2.1.2 | B18: EXCAVACIONES A MAQUINA | C18: M3 | D18: 1386.87 | E18: 20907 | F18: =ROUND(D18*E18,0) -> 28995291
A19: 2.1.3 | B19: EXCAVACION EN ROCA | C19: M3 | D19: 2512.86 | E19: 166026 | F19: =ROUND(D19*E19,0) -> 417200094
A20: 2.1.4 | B20: EXCAVACION EN ROCA CON EXPLOSIVOS | C20: M3 | D20: 418.81 | E20: 286765 | F20: =ROUND(D20*E20,0) -> 120100050
A21: 2.2 | B21: ENTIBADOS
A22: 2.2.1 | B22: ENTIBADO TIPO 1 UTILIZACIONES 1/7 ( MADERA) | C22: M2 | D22: 2507.05 | E22: 72884 | F22: =ROUND(D22*E22,0) -> 182723832
A23: 2.2.2 | B23: ENTIBADO METALICO | C23: M2 | D23: 3781.16 | E23: 110970 | F23: =ROUND(D23*E23,0) -> 419595325
A24: 2.3 | B24: RELLENOS
A25: 2.3.1 | B25: RELLENO COMPACTADO EN MATERIAL SELECCIONADO PROCEDENTE DE LA EXCAVACIÓN INCLUYE COMPACTACIÓN | C25: M3 | D25: 3545.25 | E25: 48558 | F25: =ROUND(D25*E25,0) -> 172150250
A26: 2.3.2 | B26: SUMINISTRO E INSTALACION DE BASE GRANULAR | C26: M3 | D26: 284.03 | E26: 345394 | F26: =ROUND(D26*E26,0) -> 98102258
A27: 2.3.3 | B27: SUMINISTRO E INSTALACIÓN SUBBASE GRANULAR | C27: M3 | D27: 284.03 | E27: 265714 | F27: =ROUND(D27*E27,0) -> 75470747
A28: 2.3.4 | B28: SUMINISTRO E INSTALACIÓN GRAVA DE 3/4" | C28: M3 | D28: 1081.55 | E28: 242277 | F28: =ROUND(D28*E28,0) -> 262034689
A29: 2.3.5 | B29: SUMINISTRO DE RECEBO | C29: M3 | D29: 1399.13 | E29: 210453 | F29: =ROUND(D29*E29,0) -> 294451106
A30: 2.7 | B30: CARGUE Y RETIRO DE SOBRANTES
A31: 2.7.1 | B31: CARGUE, RETIRO Y DISPOSICIÓN DE SOBRANTES (DISTANCIA DE 27.3 KM A) *AL MOMENTO DE EJECUTAR LAS OBRAS SI SE LLEGA A CAMBIAR EL SITIO DE DISPOSICIÓN AJUSTAR EL VALOR UNITARIO DEL PAGO DEL ITEM | C31: M3 | D31: 2077.44 | E31: 90650 | F31: =ROUND(D31*E31,0) -> 188319936
B32: SUBTOTAL EXCAVACIONES Y RELLENOS | F32: =ROUND(SUM(F17:F31),0) -> 2360651395
A33: 3 | B33: REDES DE ALCANTARILLADO Y ACCESORIOS
A34: 3.1 | B34: INSTALACIÓN DE TUBERÍA
A35: 3.1.1 | B35: INSTALACIÓN DE TUBERÍA PARA ALCANTARILLADO DE PARED ESTRUCTURAL PVC, DOBLE EXTRUSIÓN, PARED INTERIOR LISA Y EXTERIOR CORRUGADA, SISTEMA DE UNIÓN MECÁNICO, CAMPANA ESPIGO CON HIDROSELLO DE CAUCHO
A36: 3.1.1.1 | B36: INSTALACIÓN DE TUBERÍA ALCANTARILLADO DE PARED ESTRUCTURAL PVC , DOBLE EXTRUSIÓN, PARED INTERIOR LISA Y EXTERIOR CORRUGADA SISTEMA DE UNIÓN MECÁNICA, CAMPANA ESPIGO CON HIDROSELLO DE CAUCHO D=6" BAJO LA NORMA NTC 3722-3 | C36: ML | D36: 600 | E36: 10021 | F36: =ROUND(D36*E36,0) -> 6012600
A37: 3.1.1.2 | B37: INSTALACIÓN DE TUBERÍA ALCANTARILLADO DE PARED ESTRUCTURAL PVC , DOBLE EXTRUSIÓN, PARED INTERIOR LISA Y EXTERIOR CORRUGADA SISTEMA DE UNIÓN MECÁNICA, CAMPANA ESPIGO CON HIDROSELLO DE CAUCHO D=8" BAJO LA NORMA NTC 3722-3 | C37: ML | D37: 1378.3 | E37: 11686 | F37: =ROUND(D37*E37,0) -> 16106814
A38: 3.1.1.3 | B38: INSTALACIÓN DE TUBERÍA ALCANTARILLADO DE PARED ESTRUCTURAL PVC , DOBLE EXTRUSIÓN, PARED INTERIOR LISA Y EXTERIOR CORRUGADA SISTEMA DE UNIÓN MECÁNICA, CAMPANA ESPIGO CON HIDROSELLO DE CAUCHO D=10" BAJO LA NORMA NTC 3722-3 | C38: ML | D38: 524.9 | E38: 13915 | F38: =ROUND(D38*E38,0) -> 7303984
A39: 3.1.1.4 | B39: INSTALACIÓN DE TUBERÍA ALCANTARILLADO DE PARED ESTRUCTURAL PVC , DOBLE EXTRUSIÓN, PARED INTERIOR LISA Y EXTERIOR CORRUGADA SISTEMA DE UNIÓN MECÁNICA, CAMPANA ESPIGO CON HIDROSELLO DE CAUCHO D=12" BAJO LA NORMA NTC 3722-3 | C39: ML | D39: 388.62229 | E39: 17315 | F39: =ROUND(D39*E39,0) -> 6728995
A40: 3.1.1.5 | B40: INSTALACION DE SILLA YEE 8"X 6" | C40: UNIDAD | D40: 120 | E40: 29035 | F40: =ROUND(D40*E40,0) -> 3484200
A41: 3.1.1.6 | B41: INSTALACION DE SILLA YEE 10"X 6" | C41: UNIDAD | D41: 46 | E41: 34751 | F41: =ROUND(D41*E41,0) -> 1598546
A42: 3.1.1.7 | B42: INSTALACION DE SILLA YEE 12"X 6" | C42: UNIDAD | D42: 34 | E42: 49453 | F42: =ROUND(D42*E42,0) -> 1681402
B43: SUBTOTAL REDES DE ALCANTARILLADO Y ACCESORIOS | F43: =ROUND(SUM(F36:F42),0) -> 42916541
A44: 4 | B44: POZOS DE INSPECCIÓN NUEVOS
A45: 4.1 | B45: POZOS DE INSPECCIÓN EN CONCRETO DE 4000 PSI NUEVO
A46: 4.1.1 | B46: CILINDROS EN MAMPOSTERIA D=1,20 M
A47: 4.1.1.1 | B47: CILINDRO POZO EN LADRILLO TOLETE, DI=1.20M, E=0.25M (INC. PAÑETE INTERNO E=1.5CM Y CAÑUELA | C47: ML | D47: 147 | E47: 1185357 | F47: =ROUND(D47*E47,0) -> 174247479
A48: 4.1.1.2 | B48: CAJA DE INSPECCIÓN DE 1.0 X 1.0 | C48: UNIDAD | D48: 200 | E48: 886261 | F48: =ROUND(D48*E48,0) -> 177252200
A49: 4.1.2 | B49: LOSA DE FONDO EN CONCRETO DE 4000 PSI
A50: 4.1.2.1 | B50: PLACA DE FONDO POZO D=1.70M, E=0.25M (CONCRETO 3000 PSI CON REFUERZO) | C50: UN | D50: 40 | E50: 1549061 | F50: =ROUND(D50*E50,0) -> 61962440
A51: 4.1.3 | B51: TAPA EN CONCRETO Y ESTRUCTURA DE LA MISMA EN CONCRETO DE 4000 PSI
A52: 4.1.3.1 | B52: CUBIERTA POZO D= 1.70M, E=0.20M C0NCRETO 3000 PSI CON REFUERZO (INCLUYE ARO Y TAPA HF) | C52: UNIDAD | D52: 40 | E52: 1489666 | F52: =ROUND(D52*E52,0) -> 59586640
B53: SUBTOTAL POZOS NUEVOS | F53: =ROUND(SUM(F47:F52),0) -> 473048759
A54: 5 | B54: POZOS NIVELAS Y RECONSTRUIR
A55: 5.1 | B55: TAPA EN CONCRETO Y ESTRUCTURA DE LA MISMA EN CONCRETO DE 4000 PSI
A56: 5.1.1 | B56: PLACA DE FONDO POZO D=1.96M, E=0.25M (CONCRETO 3000 PSI CON REFUERZO) | C56: UN | D56: 21 | E56: 1870408 | F56: =ROUND(D56*E56,0) -> 39278568
A57: 4.1.1.1 | B57: CILINDRO POZO EN LADRILLO TOLETE, DI=1.20M, E=0.25M (INC. PAÑETE INTERNO E=1.5CM Y CAÑUELA | C57: ML | D57: 18.9 | E57: 1185357 | F57: =ROUND(D57*E57,0) -> 22403247
A58: 5.1.3 | B58: CUBIERTA POZO D= 1.96M, E=0.20M C0NCRETO 3000 PSI CON REFUERZO (INCLUYE ARO Y TAPA HF) | C58: UN | D58: 21 | E58: 1731058 | F58: =ROUND(D58*E58,0) -> 36352218
B59: SUBTOTAL RECONSTRUCCIÓN POZOS | F59: =ROUND(SUM(F56:F58),0) -> 98034033
A60: 6 | B60: RECONSTRUCCION DE PAVIMENTOS Y ANDENES
A61: 6.1 | B61: RECONSTRUCCIÓN DE PAVIMENTOS
A62: 6.1.1 | B62: PAVIMENTOS FLEXIBLES
A63: 6.1.1.1 | B63: MEZCLA DENSA EN CALIENTE TIPO MDC-25 (INCLUYE CEMENTO ASFALTICA) | C63: M3 | D63: 173.98 | E63: 1610557 | F63: =ROUND(D63*E63,0) -> 280204707
A64: 6.1.1.2 | B64: RIEGO DE IMPRIMACIÓN | C64: M2 | D64: 1449.85 | E64: 6780 | F64: =ROUND(D64*E64,0) -> 9829983
A65: 6.1.2 | B65: PAVIMENTOS RÍGIDOS
A66: 6.1.2.1 | B66: CONCRETO PARA PAVIMENTO RÍGIDO MR-38, INCLUYE SELLADO DE JUNTAS Y ACERO DE TRANSFERENCIA Y UNIÓN | C66: M3 | D66: 81.42 | E66: 1238571 | F66: =ROUND(D66*E66,0) -> 100844451
A67: 6.1.1.2 | B67: RIEGO DE IMPRIMACIÓN | C67: M2 | D67: 678.48 | E67: 6780 | F67: =ROUND(D67*E67,0) -> 4600094
A68: 6.2 | B68: JUNTAS Y ACERO DE TRANSFERENCIA Y UNIÓN
A69: 6.2.1 | B69: PAVIMENTO EN ADOQUINES DE CONCRETO | C69: M2 | D69: 410.51 | E69: 128682 | F69: =ROUND(D69*E69,0) -> 52825248
A70: 6.3 | B70: EMPEDRADO
A71: 6.3.1 | B71: PLACA HUELLA | C71: M2 | D71: 105.04 | E71: 566991 | F71: =ROUND(D71*E71,0) -> 59556735
B72: SUBTOTAL RECONSTRUCCIÓN DE PAVIMENTOS | F72: =ROUND(SUM(F63:F71),0) -> 507861218
A73: 7 | B73: MAMPOSTERIA
A74: 7.1 | B74: MURO EN LADRILLO TOLETE RECOCIDO 0.12 M | C74: M2 | D74: 30 | E74: 100863 | F74: =ROUND(D74*E74,0) -> 3025890
B75: SUBTOTAL MAMPOSTERIA | F75: =ROUND(SUM(F74),0) -> 3025890
A76: 8 | B76: CONCRETO
A77: 8.1 | B77: CONCRETO 3000 PSI CLASE D | C77: M3 | D77: 20 | E77: 1176454 | F77: =ROUND(D77*E77,0) -> 23529080
A78: 8.2 | B78: ACERO DE REFUERZO | C78: KG | D78: 2600 | E78: 13001 | F78: =ROUND(D78*E78,0) -> 33802600
A79: 8.3 | B79: CUNETA SOBRE TRAMO ESPECIAL | C79: M3 | D79: 30 | E79: 1936672 | F79: =ROUND(D79*E79,0) -> 58100160
B80: SUBTOTALCONCRETOS | F80: =ROUND(SUM(F77:F79),0) -> 115431840
A81: 10 | B81: SUMINISTRO
A82: 10.1 | B82: TUBERIA PVC NOVAFORT
A83: 10.1.1 | B83: TUBERÍA ALCANTARILLADO DE PARED ESTRUCTURAL PVC , DOBLE EXTRUSIÓN, PARED INTERIOR LISA Y EXTERIOR CORRUGADA SISTEMA DE UNIÓN MECÁNICA, CAMPANA ESPIGO CON HIDROSELLO DE CAUCHO D=6" BAJO LA NORMA NTC 3722-3 | C83: ML | D83: 600 | E83: 50091 | F83: =ROUND(D83*E83,0) -> 30054600
A84: 10.1.2 | B84: TUBERÍA ALCANTARILLADO DE PARED ESTRUCTURAL PVC , DOBLE EXTRUSIÓN, PARED INTERIOR LISA Y EXTERIOR CORRUGADA SISTEMA DE UNIÓN MECÁNICA, CAMPANA ESPIGO CON HIDROSELLO DE CAUCHO D=8" BAJO LA NORMA NTC 3722-4 | C84: ML | D84: 1378.3 | E84: 76248 | F84: =ROUND(D84*E84,0) -> 105092618
A85: 10.1.3 | B85: TUBERÍA ALCANTARILLADO DE PARED ESTRUCTURAL PVC , DOBLE EXTRUSIÓN, PARED INTERIOR LISA Y EXTERIOR CORRUGADA SISTEMA DE UNIÓN MECÁNICA, CAMPANA ESPIGO CON HIDROSELLO DE CAUCHO D=10" BAJO LA NORMA NTC 3722-5 | C85: ML | D85: 524.9 | E85: 111366 | F85: =ROUND(D85*E85,0) -> 58456013
A86: 10.1.4 | B86: TUBERÍA ALCANTARILLADO DE PARED ESTRUCTURAL PVC , DOBLE EXTRUSIÓN, PARED INTERIOR LISA Y EXTERIOR CORRUGADA SISTEMA DE UNIÓN MECÁNICA, CAMPANA ESPIGO CON HIDROSELLO DE CAUCHO D=12" BAJO LA NORMA NTC 3722-6 | C86: ML | D86: 388.62229 | E86: 150515 | F86: =ROUND(D86*E86,0) -> 58493483
A87: 10.1.5 | B87: SILLA YEE PVC 8"X6" | C87: UND | D87: 120 | E87: 159735 | F87: =ROUND(D87*E87,0) -> 19168200
A88: 10.1.6 | B88: SILLA YEE PVC 10"X6" | C88: UND | D88: 46 | E88: 131275.95 | F88: =ROUND(D88*E88,0) -> 6038694
A89: 10.1.7 | B89: SILLA YEE PVC 12"X6" | C89: UND | D89: 34 | E89: 235635 | F89: =ROUND(D89*E89,0) -> 8011590
A90: 10.1.8 | B90: CAMARA DE CAIDA 12" | C90: UND | D90: 15 | E90: 1784757 | F90: =ROUND(D90*E90,0) -> 26771355
A91: 10.1.9 | B91: CAMARA DE CAIDA 10" | C91: UND | D91: 10 | E91: 1654099 | F91: =ROUND(D91*E91,0) -> 16540990
A92: 10.1.10 | B92: CAMARA DE CAIDA 8" | C92: UND | D92: 10 | E92: 1087913 | F92: =ROUND(D92*E92,0) -> 10879130
B93: SUBTOTAL SUMINISTRO | F93: =ROUND(SUM(F83:F92),0) -> 339506673
A95: SUBTOTAL OBRA CIVIL Y SUMINISTROS | F95: =+F14+F32+F43+F53+F59+F72+F75+F80+F93 -> 4062664823
A97: PMA | F97: 50017332
A98: IMPLEMENTACION PLAN DE GESTIÓN SOCIAL | F98: 88540502
A99: IMPLEMENTACION PLAN DE MANEJO DE TRÁNSITO | F99: 45193462
A100: SUBTOTAL OTROS COSTOS INDIRECTOS PROYECTO | F100: =+F97+F98+F99 -> 183751296
A101: VALOR TOTAL OBRA CIVIL + PLANES | F101: =+F95+F100 -> 4246416119
A102: APROPIACION DE DISEÑOS | F102: 173123405
...

Sheet Proponente San Antonio
A1: CONSTRUCCION DE ALCANTARILLADO DEL CENTRO POBLADO SANTANDERCITO, BELLAVISTA DEL MUNICIPIO SAN ANTONIO DE TEQUENDAMA, CUNDINAMARCA
A2: OFERTA ECONOMICA
A3: ALCANTARILLADO
A4: ITEM | B4: DESCRIPCIÓN | C4: UND | D4: CANTIDAD | E4: VR. UNITARIO | F4: VALOR TOTAL
A5: 1 | B5: ACTIVIDADES PRELIMINARES
A6: 1.1 | B6: LOCALIZACION Y REPLANTEO
A7: 1.1.1 | B7: LOCALIZACIÓN Y REPLANTEO REDES | C7: ML | D7: 2891.82
A8: 1.2 | B8: DEMOLICIONES PAVIMENTOS Y DESMONTE
A9: 1,2,1 | B9: DEMOLICIÓN DE PLACA HUELLA | C9: M3 | D9: 105.04
A10: 1.2.2 | B10: DEMOLICIÓN DE PAVIMENTO FLEXIBLE | C10: M3 | D10: 173.98
A11: 1.2.3 | B11: DEMOLICIÓN DE PAVIMENTO RIGIDO | C11: M3 | D11: 81.42
A12: 1.2.4 | B12: DEMOLICION ADOQUIN SOBRE ARENA H=0.15M | C12: M2 | D12: 410.51
A13: 1.2.5 | B13: CORTE DE PAVIMENTO | C13: ML | D13: 3470.85
B14: SUB TOTAL ACTIVIDADES PRELIMINARES
A15: 2 | B15: EXCAVACIONES Y RELLENOS
A16: 2.1 | B16: EXCAVACIONES A MANO EN CONGLOMERADO Y BAJO AGUA
A17: 2.1.1 | B17: EXCAVACIONES A MANO EN CONGLOMERADO. | C17: M3 | D17: 837.62
A18: 2.1.2 | B18: EXCAVACIONES A MAQUINA | C18: M3 | D18: 1386.87
A19: 2.1.3 | B19: EXCAVACION EN ROCA | C19: M3 | D19: 2512.86
A20: 2.1.4 | B20: EXCAVACION EN ROCA CON EXPLOSIVOS | C20: M3 | D20: 418.81
A21: 2.2 | B21: ENTIBADOS
A22: 2.2.1 | B22: ENTIBADO TIPO 1 UTILIZACIONES 1/7 ( MADERA) | C22: M2 | D22: 2507.05
A23: 2.2.2 | B23: ENTIBADO METALICO | C23: M2 | D23: 3781.16
A24: 2.3 | B24: RELLENOS
A25: 2.3.1 | B25: RELLENO COMPACTADO EN MATERIAL SELECCIONADO PROCEDENTE DE LA EXCAVACIÓN INCLUYE COMPACTACIÓN | C25: M3 | D25: 3545.25
A26: 2.3.2 | B26: SUMINISTRO E INSTALACION DE BASE GRANULAR | C26: M3 | D26: 284.03
A27: 2.3.3 | B27: SUMINISTRO E INSTALACIÓN SUBBASE GRANULAR | C27: M3 | D27: 284.03
A28: 2.3.4 | B28: SUMINISTRO E INSTALACIÓN GRAVA DE 3/4" | C28: M3 | D28: 1081.55
A29: 2.3.5 | B29: SUMINISTRO DE RECEBO | C29: M3 | D29: 1399.13
A30: 2.7 | B30: CARGUE Y RETIRO DE SOBRANTES
A31: 2.7.1 | B31: CARGUE, RETIRO Y DISPOSICIÓN DE SOBRANTES (DISTANCIA DE 27.3 KM A) *AL MOMENTO DE EJECUTAR LAS OBRAS SI SE LLEGA A CAMBIAR EL SITIO DE DISPOSICIÓN AJUSTAR EL VALOR UNITARIO DEL PAGO DEL ITEM | C31: M3 | D31: 2077.44
B32: SUBTOTAL EXCAVACIONES Y RELLENOS
A33: 3 | B33: REDES DE ALCANTARILLADO Y ACCESORIOS
A34: 3.1 | B34: INSTALACIÓN DE TUBERÍA
A35: 3.1.1 | B35: INSTALACIÓN DE TUBERÍA PARA ALCANTARILLADO DE PARED ESTRUCTURAL PVC, DOBLE EXTRUSIÓN, PARED INTERIOR LISA Y EXTERIOR CORRUGADA, SISTEMA DE UNIÓN MECÁNICO, CAMPANA ESPIGO CON HIDROSELLO DE CAUCHO
A36: 3.1.1.1 | B36: INSTALACIÓN DE TUBERÍA ALCANTARILLADO DE PARED ESTRUCTURAL PVC , DOBLE EXTRUSIÓN, PARED INTERIOR LISA Y EXTERIOR CORRUGADA SISTEMA DE UNIÓN MECÁNICA, CAMPANA ESPIGO CON HIDROSELLO DE CAUCHO D=6" BAJO LA NORMA NTC 3722-3 | C36: ML | D36: 600
A37: 3.1.1.2 | B37: INSTALACIÓN DE TUBERÍA ALCANTARILLADO DE PARED ESTRUCTURAL PVC , DOBLE EXTRUSIÓN, PARED INTERIOR LISA Y EXTERIOR CORRUGADA SISTEMA DE UNIÓN MECÁNICA, CAMPANA ESPIGO CON HIDROSELLO DE CAUCHO D=8" BAJO LA NORMA NTC 3722-3 | C37: ML | D37: 1378.3
A38: 3.1.1.3 | B38: INSTALACIÓN DE TUBERÍA ALCANTARILLADO DE PARED ESTRUCTURAL PVC , DOBLE EXTRUSIÓN, PARED INTERIOR LISA Y EXTERIOR CORRUGADA SISTEMA DE UNIÓN MECÁNICA, CAMPANA ESPIGO CON HIDROSELLO DE CAUCHO D=10" BAJO LA NORMA NTC 3722-3 | C38: ML | D38: 524.9
A39: 3.1.1.4 | B39: INSTALACIÓN DE TUBERÍA ALCANTARILLADO DE PARED ESTRUCTURAL PVC , DOBLE EXTRUSIÓN, PARED INTERIOR LISA Y EXTERIOR CORRUGADA SISTEMA DE UNIÓN MECÁNICA, CAMPANA ESPIGO CON HIDROSELLO DE CAUCHO D=12" BAJO LA NORMA NTC 3722-3 | C39: ML | D39: 388.62229
A40: 3.1.1.5 | B40: INSTALACION DE SILLA YEE 8"X 6" | C40: UNIDAD | D40: 120
A41: 3.1.1.6 | B41: INSTALACION DE SILLA YEE 10"X 6" | C41: UNIDAD | D41: 46
A42: 3.1.1.7 | B42: INSTALACION DE SILLA YEE 12"X 6" | C42: UNIDAD | D42: 34
B43: SUBTOTAL REDES DE ALCANTARILLADO Y ACCESORIOS
A44: 4 | B44: POZOS DE INSPECCIÓN NUEVOS
A45: 4.1 | B45: POZOS DE INSPECCIÓN EN CONCRETO DE 4000 PSI NUEVO
A46: 4.1.1 | B46: CILINDROS EN MAMPOSTERIA D=1,20 M
A47: 4.1.1.1 | B47: CILINDRO POZO EN LADRILLO TOLETE, DI=1.20M, E=0.25M (INC. PAÑETE INTERNO E=1.5CM Y CAÑUELA | C47: ML | D47: 147
A48: 4.1.1.2 | B48: CAJA DE INSPECCIÓN DE 1.0 X 1.0 | C48: UNIDAD | D48: 200
A49: 4.1.2 | B49: LOSA DE FONDO EN CONCRETO DE 4000 PSI
A50: 4.1.2.1 | B50: PLACA DE FONDO POZO D=1.70M, E=0.25M (CONCRETO 3000 PSI CON REFUERZO) | C50: UN | D50: 40
A51: 4.1.3 | B51: TAPA EN CONCRETO Y ESTRUCTURA DE LA MISMA EN CONCRETO DE 4000 PSI
A52: 4.1.3.1 | B52: CUBIERTA POZO D= 1.70M, E=0.20M C0NCRETO 3000 PSI CON REFUERZO (INCLUYE ARO Y TAPA HF) | C52: UNIDAD | D52: 40
B53: SUBTOTAL POZOS NUEVOS
A54: 5 | B54: POZOS NIVELAS Y RECONSTRUIR
A55: 5.1 | B55: TAPA EN CONCRETO Y ESTRUCTURA DE LA MISMA EN CONCRETO DE 4000 PSI
A56: 5.1.1 | B56: PLACA DE FONDO POZO D=1.96M, E=0.25M (CONCRETO 3000 PSI CON REFUERZO) | C56: UN | D56: 21
A57: 4.1.1.1 | B57: CILINDRO POZO EN LADRILLO TOLETE, DI=1.20M, E=0.25M (INC. PAÑETE INTERNO E=1.5CM Y CAÑUELA | C57: ML | D57: 18.9
A58: 5.1.3 | B58: CUBIERTA POZO D= 1.96M, E=0.20M C0NCRETO 3000 PSI CON REFUERZO (INCLUYE ARO Y TAPA HF) | C58: UN | D58: 21
B59: SUBTOTAL RECONSTRUCCIÓN POZOS
A60: 6 | B60: RECONSTRUCCION DE PAVIMENTOS Y ANDENES
A61: 6.1 | B61: RECONSTRUCCIÓN DE PAVIMENTOS
A62: 6.1.1 | B62: PAVIMENTOS FLEXIBLES
A63: 6.1.1.1 | B63: MEZCLA DENSA EN CALIENTE TIPO MDC-25 (INCLUYE CEMENTO ASFALTICA) | C63: M3 | D63: 173.98
A64: 6.1.1.2 | B64: RIEGO DE IMPRIMACIÓN | C64: M2 | D64: 1449.85
A65: 6.1.2 | B65: PAVIMENTOS RÍGIDOS
A66: 6.1.2.1 | B66: CONCRETO PARA PAVIMENTO RÍGIDO MR-38, INCLUYE SELLADO DE JUNTAS Y ACERO DE TRANSFERENCIA Y UNIÓN | C66: M3 | D66: 81.42
A67: 6.1.1.2 | B67: RIEGO DE IMPRIMACIÓN | C67: M2 | D67: 678.48
A68: 6.2 | B68: JUNTAS Y ACERO DE TRANSFERENCIA Y UNIÓN
A69: 6.2.1 | B69: PAVIMENTO EN ADOQUINES DE CONCRETO | C69: M2 | D69: 410.51
A70: 6.3 | B70: EMPEDRADO
A71: 6.3.1 | B71: PLACA HUELLA | C71: M2 | D71: 105.04
B72: SUBTOTAL RECONSTRUCCIÓN DE PAVIMENTOS
A73: 7 | B73: MAMPOSTERIA
A74: 7.1 | B74: MURO EN LADRILLO TOLETE RECOCIDO 0.12 M | C74: M2 | D74: 30
B75: SUBTOTAL MAMPOSTERIA
A76: 8 | B76: CONCRETO
A77: 8.1 | B77: CONCRETO 3000 PSI CLASE D | C77: M3 | D77: 20
A78: 8.2 | B78: ACERO DE REFUERZO | C78: KG | D78: 2600
A79: 8.3 | B79: CUNETA SOBRE TRAMO ESPECIAL | C79: M3 | D79: 30
B80: SUBTOTALCONCRETOS
A81: 10 | B81: SUMINISTRO
A82: 10.1 | B82: TUBERIA PVC NOVAFORT
A83: 10.1.1 | B83: TUBERÍA ALCANTARILLADO DE PARED ESTRUCTURAL PVC , DOBLE EXTRUSIÓN, PARED INTERIOR LISA Y EXTERIOR CORRUGADA SISTEMA DE UNIÓN MECÁNICA, CAMPANA ESPIGO CON HIDROSELLO DE CAUCHO D=6" BAJO LA NORMA NTC 3722-3 | C83: ML | D83: 600
A84: 10.1.2 | B84: TUBERÍA ALCANTARILLADO DE PARED ESTRUCTURAL PVC , DOBLE EXTRUSIÓN, PARED INTERIOR LISA Y EXTERIOR CORRUGADA SISTEMA DE UNIÓN MECÁNICA, CAMPANA ESPIGO CON HIDROSELLO DE CAUCHO D=8" BAJO LA NORMA NTC 3722-4 | C84: ML | D84: 1378.3
A85: 10.1.3 | B85: TUBERÍA ALCANTARILLADO DE PARED ESTRUCTURAL PVC , DOBLE EXTRUSIÓN, PARED INTERIOR LISA Y EXTERIOR CORRUGADA SISTEMA DE UNIÓN MECÁNICA, CAMPANA ESPIGO CON HIDROSELLO DE CAUCHO D=10" BAJO LA NORMA NTC 3722-5 | C85: ML | D85: 524.9
A86: 10.1.4 | B86: TUBERÍA ALCANTARILLADO DE PARED ESTRUCTURAL PVC , DOBLE EXTRUSIÓN, PARED INTERIOR LISA Y EXTERIOR CORRUGADA SISTEMA DE UNIÓN MECÁNICA, CAMPANA ESPIGO CON HIDROSELLO DE CAUCHO D=12" BAJO LA NORMA NTC 3722-6 | C86: ML | D86: 388.62229
A87: 10.1.5 | B87: SILLA YEE PVC 8"X6" | C87: UND | D87: 120
A88: 10.1.6 | B88: SILLA YEE PVC 10"X6" | C88: UND | D88: 46
A89: 10.1.7 | B89: SILLA YEE PVC 12"X6" | C89: UND | D89: 34
A90: 10.1.8 | B90: CAMARA DE CAIDA 12" | C90: UND | D90: 15
A91: 10.1.9 | B91: CAMARA DE CAIDA 10" | C91: UND | D91: 10
A92: 10.1.10 | B92: CAMARA DE CAIDA 8" | C92: UND | D92: 10
B93: SUBTOTAL SUMINISTRO
A95: SUBTOTAL OBRA CIVIL Y SUMINISTROS
A97: PMA
A98: IMPLEMENTACION PLAN DE GESTIÓN SOCIAL
A99: IMPLEMENTACION PLAN DE MANEJO DE TRÁNSITO
A100: SUBTOTAL OTROS COSTOS INDIRECTOS PROYECTO
A101: VALOR TOTAL OBRA CIVIL + PLANES
A102: APROPIACION DE DISEÑOS
...

Sheet Entidad Zipacon
A1: CONSTRUCCION DE LA PRIMERA ETAPA-FASE ALCANTARILLADO DEL PLAN MAESTRO DE ACUEDUCTO Y ALCANTARILLADO DEL CASCO URBANO DEL MUNICIPIO DE ZIPACON, CUNDINAMARCA
A2: PRESUPUESTO OFICIAL
B3: ALCANTARILLADO SANITARIO
A4: ITEM | B4: DESCRIPCION | C4: UND | D4: CANT. | E4: VALOR UNITARIO | F4: VALOR
A5: 1 | B5: OBRAS PRELIMINARES
A6: 1.1 | B6: ACTIVIDADES PRELIMINARES
A7: 1.1.2 | B7: LOCALIZACIÓN Y REPLANTEO DE ESTRUCTURAS | C7: ML | D7: 1789.45 | E7: 17695 | F7: =+ROUND(D7*E7,0) -> 31664318
A8: 2 | B8: EXCAVACIONES, DEMOLICIONES, ENTIBADOS Y RELLENOS
A9: 2.1 | B9: EXCAVACIONES MANUALES
A10: 2.1.1 | B10: EXCAVACIONES MANUALES DE 0 A 2 m DE PROFUNDIDAD
A11: 2.1.1.1 | B11: EXCAVACIONES EN MATERIAL COMÚN DE 0,00 A 2,00M | C11: M3 | D11: 91.8 | E11: 52452 | F11: =+ROUND(D11*E11,0) -> 4815094
A12: 2.1.4 | B12: EXCAVACIONES A MECANICA
A13: 2.1.4.1 | B13: EXCAVACION VARIAS A MAQUINA, INCLUYE RETIRO A UNA DISTANCIA DE 5 KM | C13: M3 | D13: 2368.05 | E13: 29642 | F13: =+ROUND(D13*E13,0) -> 70193738
A14: 2.2 | B14: RELLENOS
A15: 2.2.1 | B15: RELLENO CON MATERIAL SELECCIONADO PROCEDENTE DE LA EXCAVACIÓN | C15: M3 | D15: 1797.75 | E15: 48948 | F15: =+ROUND(D15*E15,0) -> 87996267
A16: 2.2.4 | B16: B-200 RECEBO SELECCIONADO | C16: M3 | D16: 381 | E16: 157090 | F16: =+ROUND(D16*E16,0) -> 59851290
A17: 2.2.5 | B17: RELLENO CON ARENA DE PEÑA (TIPO 7) | C17: M3 | D17: 189.3 | E17: 207158 | F17: =+ROUND(D17*E17,0) -> 39215009
A18: 2.3 | B18: CARGUE, DESCARGUE, TRANSPORTE Y DISPOSICIÓN DE MATERIALES
A19: 2.3.4 | B19: TRANSPORTE MATERIAL SELECCIONADO DE EXCAVACIÓN | C19: M³.KM | D19: 19162.08 | E19: 3793 | F19: =+ROUND(D19*E19,0) -> 72681769
A20: 2.6 | B20: ENTIBADOS
A21: 2.2 | B21: ENTIBADO TIPO 2 (1/7 UTILIZACIONES) | C21: M2 | D21: 4490.13 | E21: 55905 | F21: =+ROUND(D21*E21,0) -> 251020718
A22: 3 | B22: CONCRETOS, MORTEROS, ACERO DE REFUERZO Y ADITIVOS
A23: 3.1.2 | B23: CONCRETOS ESTRUCTURALES
A24: 8.3 | B24: CONCRETO 3000 PSI | C24: M3 | D24: 68.31 | E24: 713863 | F24: =+ROUND(D24*E24,0) -> 48763982
A25: 3.3 | B25: ACERO
A26: 3.3.1 | B26: ACERO DE REFUERZO DE 60000 PSI (ASTM A706 GRADO 60 FY=420MPA, INCLUYE TRANSPORTE, FIGURADO Y COLOCACIÓN) | C26: KG | D26: 1940.13 | E26: 11049 | F26: =+ROUND(D26*E26,0) -> 21436496
A27: 5 | B27: REDES A FLUJO LIBRE
A28: 5.1 | B28: INSTALACIÓN TUBERÍAS EN PVC
A29: 5.1.1 | B29: SUMINISTRO E INSTALACIÓN TUBERÍA PVC DIÁMETRO 6" | C29: ML | D29: 918 | E29: 80805 | F29: =+ROUND(D29*E29,0) -> 74178990
A30: 5.1.2 | B30: SUMINISTRO E INSTALACIÓN TUBERÍA PVC DIÁMETRO 8" | C30: ML | D30: 732.76 | E30: 127234 | F30: =+ROUND(D30*E30,0) -> 93231986
A31: 5.1.3 | B31: SUMINISTRO E INSTALACIÓN TUBERÍA PVC DIÁMETRO 10" | C31: ML | D31: 138.7 | E31: 180219 | F31: =+ROUND(D31*E31,0) -> 24996375
A32: 5.3 | B32: POZOS DE INSPECCIÓN
A33: 5.3.4 | B33: SUMINISTRO E INSTALACIÓN CARGUE CIRCULAR D= 1.0 M, TAPA D=0.70 M, POZO CÓNICO | C33: UN | D33: 10 | E33: 569273 | F33: =+ROUND(D33*E33,0) -> 5692730
A34: 4.2 | B34: CILINDRO POZO EN LADRILLO TOLETE Di=1,20M E=0,25M (INC. PAÑETE INTERNO E=1,5M Y CAÑUELA) | C34: ML | D34: 21.36 | E34: 1275185 | F34: =+ROUND(D34*E34,0) -> 27237952
A35: 5.3.10 | B35: SUMINISTRO E INSTALACIÓN CONO DE REDUCCIÓN D=1.20 (PREFABRICADO) | C35: UN | D35: 10 | E35: 911313 | F35: =+ROUND(D35*E35,0) -> 9113130
A36: 5.3.16 | B36: SUMINISTRO E INSTALACIÓN TAPA DE Ø = 0.70 M. EN FERRO-CONCRETO PARA POZO DE INSPECCIÓN | C36: UN | D36: 10 | E36: 343854 | F36: =+ROUND(D36*E36,0) -> 3438540
A37: 5.3.19 | B37: SUMINISTRO E INSTALACION PASOS PARA POZO DE INSPECCION DE 40 CM | C37: UN | D37: 85 | E37: 196528 | F37: =+ROUND(D37*E37,0) -> 16704880
A38: 5.4 | B38: CÁMARAS DE CAÍDA
A39: 5.4.1 | B39: BAJANTES EN D=8" | C39: M | D39: 7 | E39: 595322 | F39: =+ROUND(D39*E39,0) -> 4167254
A40: 5.8 | B40: INSTALACIÓN ACCESORIOS REDES A FLUJO LIBRE
A41: 5.8.2 | B41: INSTALACIÓN ACCESORIO EN PVC 6" A 8" (SILLA YEE 8"X6") | C41: UN | D41: 128 | E41: 328919 | F41: =+ROUND(D41*E41,0) -> 42101632
A42: 5.8.3 | B42: INSTALACIÓN ACCESORIO EN PVC 8" A 10" (SILLA YEE 10"X8") | C42: UN | D42: 25 | E42: 373624 | F42: =+ROUND(D42*E42,0) -> 9340600
A43: 7 | B43: EDIFICACIONES, ARQUITECTÓNICAS, CARPINTERÍA
A44: 5.5 | B44: CONSTRUCCIÓN CAJAS
A45: 5.5.2 | B45: CONSTRUCCIÓN CAJA INSPECCIÓN DE 0.80 X 0.80 M (Concreto 3000 psi) INCLUYE TAPA Y PLACA DE FONDO | C45: UN | D45: 153 | E45: 694776 | F45: =+ROUND(D45*E45,0) -> 106300728
A47: TOTAL OBRA CIVIL ALCANTARILLADO SANITARIO | F47: =+SUM(F7:F45) -> 1104143478
B49: ALCANTARILLADO PLUVIAL
A50: ITEM | B50: DESCRIPCION | C50: UND | D50: CANT. | E50: VALOR UNITARIO | F50: VALOR
A51: 1 | B51: OBRAS PRELIMINARES
A52: 1.1 | B52: ACTIVIDADES PRELIMINARES
A53: 1.1.2 | B53: LOCALIZACIÓN Y REPLANTEO DE ESTRUCTURAS | C53: ML | D53: 851.5 | E53: 17695 | F53: =+ROUND(D53*E53,0) -> 15067293
A54: 2 | B54: EXCAVACIONES, DEMOLICIONES, ENTIBADOS Y RELLENOS
A55: 2.1.1 | B55: EXCAVACIONES MANUALES DE 0 A 2 m DE PROFUNDIDAD
A56: 2.1.4.1 | B56: EXCAVACION VARIAS A MAQUINA, INCLUYE RETIRO A UNA DISTANCIA DE 5 KM | C56: M3 | D56: 2489.01 | E56: 29642 | F56: =+ROUND(D56*E56,0) -> 73779234
A57: 2.2 | B57: RELLENOS
A58: 2.2.1 | B58: RELLENO CON MATERIAL SELECCIONADO PROCEDENTE DE LA EXCAVACIÓN | C58: M3 | D58: 1671.81 | E58: 48948 | F58: =+ROUND(D58*E58,0) -> 81831756
A59: 2.2.4 | B59: B-200 RECEBO SELECCIONADO | C59: M3 | D59: 356.8 | E59: 157090 | F59: =+ROUND(D59*E59,0) -> 56049712
A60: 2.2.5 | B60: RELLENO CON ARENA DE PEÑA (TIPO 7) | C60: M3 | D60: 236.95 | E60: 207158 | F60: =+ROUND(D60*E60,0) -> 49086088
A61: 2.3 | B61: CARGUE, DESCARGUE, TRANSPORTE Y DISPOSICIÓN DE MATERIALES
A62: 2.3.4 | B62: TRANSPORTE MATERIAL SELECCIONADO DE EXCAVACIÓN | C62: M³.KM | D62: 27457.92 | E62: 3793 | F62: =+ROUND(D62*E62,0) -> 104147891
A63: 2.5 | B63: DEMOLICIÓN
A64: 1.29 | B64: DEMOLICIÓN VIGAS Y COLUMNAS | C64: M3 | D64: 20.76 | E64: 440653 | F64: =+ROUND(D64*E64,0) -> 9147956
A65: 2.6 | B65: ENTIBADOS
A66: 2.2 | B66: ENTIBADO TIPO 2 (1/7 UTILIZACIONES) | C66: M2 | D66: 4346 | E66: 55905 | F66: =+ROUND(D66*E66,0) -> 242963130
A67: 3 | B67: CONCRETOS, MORTEROS, ACERO DE REFUERZO Y ADITIVOS
A68: 3.1.1 | B68: CONCRETOS SIMPLES
A69: 8.5 | B69: CONCRETO 2000 PSI | C69: M3 | D69: 2.53 | E69: 608239 | F69: =+ROUND(D69*E69,0) -> 1538845
A70: 3.1.2 | B70: CONCRETOS ESTRUCTURALES
A71: 8.3 | B71: CONCRETO 3000 PSI | C71: M3 | D71: 47.94 | E71: 713863 | F71: =+ROUND(D71*E71,0) -> 34222592
A72: 3.3 | B72: ACERO
A73: 3.3.1 | B73: ACERO DE REFUERZO DE 60000 PSI (ASTM A706 GRADO 60 FY=420MPA, INCLUYE TRANSPORTE, FIGURADO Y COLOCACIÓN) | C73: KG | D73: 3980 | E73: 11049 | F73: =+ROUND(D73*E73,0) -> 43975020
A74: 5 | B74: REDES A FLUJO LIBRE
A75: 5.1 | B75: INSTALACIÓN TUBERÍAS EN PVC
A76: 5.1.3 | B76: SUMINISTRO E INSTALACIÓN TUBERÍA PVC DIÁMETRO 10" | C76: ML | D76: 84.36 | E76: 180219 | F76: =+ROUND(D76*E76,0) -> 15203275
A77: 5.1.4 | B77: SUMINISTRO E INSTALACIÓN TUBERÍA PVC DIÁMETRO 12" | C77: ML | D77: 352.43 | E77: 248449 | F77: =+ROUND(D77*E77,0) -> 87560881
A78: 5.1.7 | B78: SUMINISTRO E INSTALACIÓN TUBERÍA PVC DIÁMETRO 18" | C78: ML | D78: 265.48 | E78: 598026 | F78: =+ROUND(D78*E78,0) -> 158763942
A79: 5.1.9 | B79: SUMINISTRO E INSTALACIÓN TUBERÍA PVC REFORZADO DIÁMETRO 24" | C79: ML | D79: 39.37 | E79: 1068617 | F79: =+ROUND(D79*E79,0) -> 42071451
A80: 5.1.10 | B80: SUMINISTRO E INSTALACIÓN TUBERÍA PVC REFORZADO DIÁMETRO 27" | C80: ML | D80: 86.16 | E80: 1280366 | F80: =+ROUND(D80*E80,0) -> 110316335
A81: 5.1.12 | B81: SUMINISTRO E INSTALACIÓN TUBERÍA PVC REFORZADO DIÁMETRO 33" A 36" | C81: ML | D81: 23.7 | E81: 2173099 | F81: =+ROUND(D81*E81,0) -> 51502446
A82: 5.3 | B82: POZOS DE INSPECCIÓN
A83: 4.1 | B83: PLACA DE FONDO POZO D=1,7M E=0,25M (CONCRETO 3000PSI CON REFUERZO) | C83: UN | D83: 21 | E83: 1498500 | F83: =+ROUND(D83*E83,0) -> 31468500
A84: 5.3.4 | B84: SUMINISTRO E INSTALACIÓN CARGUE CIRCULAR D= 1.0 M, TAPA D=0.70 M, POZO CÓNICO | C84: UN | D84: 19 | E84: 569273 | F84: =+ROUND(D84*E84,0) -> 10816187
A85: 4.2 | B85: CILINDRO POZO EN LADRILLO TOLETE Di=1,20M E=0,25M (INC. PAÑETE INTERNO E=1,5M Y CAÑUELA) | C85: ML | D85: 41.49 | E85: 1275185 | F85: =+ROUND(D85*E85,0) -> 52907426
A86: 5.3.10 | B86: SUMINISTRO E INSTALACIÓN CONO DE REDUCCIÓN D=1.20 (PREFABRICADO) | C86: UN | D86: 19 | E86: 911313 | F86: =+ROUND(D86*E86,0) -> 17314947
A87: 5.3.16 | B87: SUMINISTRO E INSTALACIÓN TAPA DE Ø = 0.70 M. EN FERRO-CONCRETO PARA POZO DE INSPECCIÓN | C87: UN | D87: 19 | E87: 343854 | F87: =+ROUND(D87*E87,0) -> 6533226
A88: 5.3.19 | B88: SUMINISTRO E INSTALACION PASOS PARA POSO DE INSPECCION DE 40 CM | C88: UN | D88: 166 | E88: 196528 | F88: =+ROUND(D88*E88,0) -> 32623648
A89: 5.4 | B89: CÁMARAS DE CAÍDA
A90: 5.4.2 | B90: BAJANTES EN D=12" | C90: M | D90: 7.39 | E90: 707781 | F90: =+ROUND(D90*E90,0) -> 5230502
A91: 5.7 | B91: SUMIDEROS
A92: 5.7.2 | B92: SUMINISTRO E INSTALACIÓN DE REJILLAS DE SUMIDEROS 0.85 X 0.45 | C92: UN | D92: 20 | E92: 1583477 | F92: =+ROUND(D92*E92,0) -> 31669540
A94: TOTAL OBRA CIVIL ALCANTARTILLADO PLUVIAL | F94: =+SUM(F53:F92) -> 1365791823
B96: TOTAL OBRA CIVIL ALCANTARILLADO SANITARIO Y PLUVIAL | F96: =+F47+F94 -> 2469935301
B97: APROPIACION DE DISEÑOS | F97: 79406775
A98: PMT | F98: 73420892
A99: PLAN SOCIAL | F99: 62803472
A100: PLAN HSEQ | F100: 54581998
A101: PLAN AMBIENTAL | F101: 63748314
A102: TOTAL PLANES | F102: =+F98+F99+F100+F101 -> 254554676
B103: SUBTOTAL OBRA + PLANES | F103: =+F96+F102 -> 2724489977
A104: TOTAL OBRA CIVIL + APROPIACION + PLANES | F104: =+F97+F103 -> 2803896752
...

Sheet Proponente Zipacon
A1: CONSTRUCCION DE LA PRIMERA ETAPA-FASE ALCANTARILLADO DEL PLAN MAESTRO DE ACUEDUCTO Y ALCANTARILLADO DEL CASCO URBANO DEL MUNICIPIO DE ZIPACON, CUNDINAMARCA
A2: OFERTA ECONOMICA
B3: ALCANTARILLADO SANITARIO
A4: ITEM | B4: DESCRIPCION | C4: UND | D4: CANT. | E4: VALOR UNITARIO | F4: VALOR
A5: 1 | B5: OBRAS PRELIMINARES
A6: 1.1 | B6: ACTIVIDADES PRELIMINARES
A7: 1.1.2 | B7: LOCALIZACIÓN Y REPLANTEO DE ESTRUCTURAS | C7: ML | D7: 1789.45
A8: 2 | B8: EXCAVACIONES, DEMOLICIONES, ENTIBADOS Y RELLENOS
A9: 2.1 | B9: EXCAVACIONES MANUALES
A10: 2.1.1 | B10: EXCAVACIONES MANUALES DE 0 A 2 m DE PROFUNDIDAD
A11: 2.1.1.1 | B11: EXCAVACIONES EN MATERIAL COMÚN DE 0,00 A 2,00M | C11: M3 | D11: 91.8
A12: 2.1.4 | B12: EXCAVACIONES A MECANICA
A13: 2.1.4.1 | B13: EXCAVACION VARIAS A MAQUINA, INCLUYE RETIRO A UNA DISTANCIA DE 5 KM | C13: M3 | D13: 2368.05
A14: 2.2 | B14: RELLENOS
A15: 2.2.1 | B15: RELLENO CON MATERIAL SELECCIONADO PROCEDENTE DE LA EXCAVACIÓN | C15: M3 | D15: 1797.75
A16: 2.2.4 | B16: B-200 RECEBO SELECCIONADO | C16: M3 | D16: 381
A17: 2.2.5 | B17: RELLENO CON ARENA DE PEÑA (TIPO 7) | C17: M3 | D17: 189.3
A18: 2.3 | B18: CARGUE, DESCARGUE, TRANSPORTE Y DISPOSICIÓN DE MATERIALES
A19: 2.3.4 | B19: TRANSPORTE MATERIAL SELECCIONADO DE EXCAVACIÓN | C19: M³.KM | D19: 19162.08
A20: 2.6 | B20: ENTIBADOS
A21: 2.2 | B21: ENTIBADO TIPO 2 (1/7 UTILIZACIONES) | C21: M2 | D21: 4490.13
A22: 3 | B22: CONCRETOS, MORTEROS, ACERO DE REFUERZO Y ADITIVOS
A23: 3.1.2 | B23: CONCRETOS ESTRUCTURALES
A24: 8.3 | B24: CONCRETO 3000 PSI | C24: M3 | D24: 68.31
A25: 3.3 | B25: ACERO
A26: 3.3.1 | B26: ACERO DE REFUERZO DE 60000 PSI (ASTM A706 GRADO 60 FY=420MPA, INCLUYE TRANSPORTE, FIGURADO Y COLOCACIÓN) | C26: KG | D26: 1940.13
A27: 5 | B27: REDES A FLUJO LIBRE
A28: 5.1 | B28: INSTALACIÓN TUBERÍAS EN PVC
A29: 5.1.1 | B29: SUMINISTRO E INSTALACIÓN TUBERÍA PVC DIÁMETRO 6" | C29: ML | D29: 918
A30: 5.1.2 | B30: SUMINISTRO E INSTALACIÓN TUBERÍA PVC DIÁMETRO 8" | C30: ML | D30: 732.76
A31: 5.1.3 | B31: SUMINISTRO E INSTALACIÓN TUBERÍA PVC DIÁMETRO 10" | C31: ML | D31: 138.7
A32: 5.3 | B32: POZOS DE INSPECCIÓN
A33: 5.3.4 | B33: SUMINISTRO E INSTALACIÓN CARGUE CIRCULAR D= 1.0 M, TAPA D=0.70 M, POZO CÓNICO | C33: UN | D33: 10
A34: 4.2 | B34: CILINDRO POZO EN LADRILLO TOLETE Di=1,20M E=0,25M (INC. PAÑETE INTERNO E=1,5M Y CAÑUELA) | C34: ML | D34: 21.36
A35: 5.3.10 | B35: SUMINISTRO E INSTALACIÓN CONO DE REDUCCIÓN D=1.20 (PREFABRICADO) | C35: UN | D35: 10
A36: 5.3.16 | B36: SUMINISTRO E INSTALACIÓN TAPA DE Ø = 0.70 M. EN FERRO-CONCRETO PARA POZO DE INSPECCIÓN | C36: UN | D36: 10
A37: 5.3.19 | B37: SUMINISTRO E INSTALACION PASOS PARA POZO DE INSPECCION DE 40 CM | C37: UN | D37: 85
A38: 5.4 | B38: CÁMARAS DE CAÍDA
A39: 5.4.1 | B39: BAJANTES EN D=8" | C39: M | D39: 7
A40: 5.8 | B40: INSTALACIÓN ACCESORIOS REDES A FLUJO LIBRE
A41: 5.8.2 | B41: INSTALACIÓN ACCESORIO EN PVC 6" A 8" (SILLA YEE 8"X6") | C41: UN | D41: 128
A42: 5.8.3 | B42: INSTALACIÓN ACCESORIO EN PVC 8" A 10" (SILLA YEE 10"X8") | C42: UN | D42: 25
A43: 7 | B43: EDIFICACIONES, ARQUITECTÓNICAS, CARPINTERÍA
A44: 5.5 | B44: CONSTRUCCIÓN CAJAS
A45: 5.5.2 | B45: CONSTRUCCIÓN CAJA INSPECCIÓN DE 0.80 X 0.80 M (Concreto 3000 psi) INCLUYE TAPA Y PLACA DE FONDO | C45: UN | D45: 153
A47: TOTAL OBRA CIVIL ALCANTARILLADO SANITARIO
B49: ALCANTARILLADO PLUVIAL
A50: ITEM | B50: DESCRIPCION | C50: UND | D50: CANT. | E50: VALOR UNITARIO | F50: VALOR
A51: 1 | B51: OBRAS PRELIMINARES
A52: 1.1 | B52: ACTIVIDADES PRELIMINARES
A53: 1.1.2 | B53: LOCALIZACIÓN Y REPLANTEO DE ESTRUCTURAS | C53: ML | D53: 851.5
A54: 2 | B54: EXCAVACIONES, DEMOLICIONES, ENTIBADOS Y RELLENOS
A55: 2.1.1 | B55: EXCAVACIONES MANUALES DE 0 A 2 m DE PROFUNDIDAD
A56: 2.1.4.1 | B56: EXCAVACION VARIAS A MAQUINA, INCLUYE RETIRO A UNA DISTANCIA DE 5 KM | C56: M3 | D56: 2489.01
A57: 2.2 | B57: RELLENOS
A58: 2.2.1 | B58: RELLENO CON MATERIAL SELECCIONADO PROCEDENTE DE LA EXCAVACIÓN | C58: M3 | D58: 1671.81
A59: 2.2.4 | B59: B-200 RECEBO SELECCIONADO | C59: M3 | D59: 356.8
A60: 2.2.5 | B60: RELLENO CON ARENA DE PEÑA (TIPO 7) | C60: M3 | D60: 236.95
A61: 2.3 | B61: CARGUE, DESCARGUE, TRANSPORTE Y DISPOSICIÓN DE MATERIALES
A62: 2.3.4 | B62: TRANSPORTE MATERIAL SELECCIONADO DE EXCAVACIÓN | C62: M³.KM | D62: 27457.92
A63: 2.5 | B63: DEMOLICIÓN
A64: 1.29 | B64: DEMOLICIÓN VIGAS Y COLUMNAS | C64: M3 | D64: 20.76
A65: 2.6 | B65: ENTIBADOS
A66: 2.2 | B66: ENTIBADO TIPO 2 (1/7 UTILIZACIONES) | C66: M2 | D66: 4346
A67: 3 | B67: CONCRETOS, MORTEROS, ACERO DE REFUERZO Y ADITIVOS
A68: 3.1.1 | B68: CONCRETOS SIMPLES
A69: 8.5 | B69: CONCRETO 2000 PSI | C69: M3 | D69: 2.53
A70: 3.1.2 | B70: CONCRETOS ESTRUCTURALES
A71: 8.3 | B71: CONCRETO 3000 PSI | C71: M3 | D71: 47.94
A72: 3.3 | B72: ACERO
A73: 3.3.1 | B73: ACERO DE REFUERZO DE 60000 PSI (ASTM A706 GRADO 60 FY=420MPA, INCLUYE TRANSPORTE, FIGURADO Y COLOCACIÓN) | C73: KG | D73: 3980
A74: 5 | B74: REDES A FLUJO LIBRE
A75: 5.1 | B75: INSTALACIÓN TUBERÍAS EN PVC
A76: 5.1.3 | B76: SUMINISTRO E INSTALACIÓN TUBERÍA PVC DIÁMETRO 10" | C76: ML | D76: 84.36
A77: 5.1.4 | B77: SUMINISTRO E INSTALACIÓN TUBERÍA PVC DIÁMETRO 12" | C77: ML | D77: 352.43
A78: 5.1.7 | B78: SUMINISTRO E INSTALACIÓN TUBERÍA PVC DIÁMETRO 18" | C78: ML | D78: 265.48
A79: 5.1.9 | B79: SUMINISTRO E INSTALACIÓN TUBERÍA PVC REFORZADO DIÁMETRO 24" | C79: ML | D79: 39.37
A80: 5.1.10 | B80: SUMINISTRO E INSTALACIÓN TUBERÍA PVC REFORZADO DIÁMETRO 27" | C80: ML | D80: 86.16
A81: 5.1.12 | B81: SUMINISTRO E INSTALACIÓN TUBERÍA PVC REFORZADO DIÁMETRO 33" A 36" | C81: ML | D81: 23.7
A82: 5.3 | B82: POZOS DE INSPECCIÓN
A83: 4.1 | B83: PLACA DE FONDO POZO D=1,7M E=0,25M (CONCRETO 3000PSI CON REFUERZO) | C83: UN | D83: 21
A84: 5.3.4 | B84: SUMINISTRO E INSTALACIÓN CARGUE CIRCULAR D= 1.0 M, TAPA D=0.70 M, POZO CÓNICO | C84: UN | D84: 19
A85: 4.2 | B85: CILINDRO POZO EN LADRILLO TOLETE Di=1,20M E=0,25M (INC. PAÑETE INTERNO E=1,5M Y CAÑUELA) | C85: ML | D85: 41.49
A86: 5.3.10 | B86: SUMINISTRO E INSTALACIÓN CONO DE REDUCCIÓN D=1.20 (PREFABRICADO) | C86: UN | D86: 19
A87: 5.3.16 | B87: SUMINISTRO E INSTALACIÓN TAPA DE Ø = 0.70 M. EN FERRO-CONCRETO PARA POZO DE INSPECCIÓN | C87: UN | D87: 19
A88: 5.3.19 | B88: SUMINISTRO E INSTALACION PASOS PARA POSO DE INSPECCION DE 40 CM | C88: UN | D88: 166
A89: 5.4 | B89: CÁMARAS DE CAÍDA
A90: 5.4.2 | B90: BAJANTES EN D=12" | C90: M | D90: 7.39
A91: 5.7 | B91: SUMIDEROS
A92: 5.7.2 | B92: SUMINISTRO E INSTALACIÓN DE REJILLAS DE SUMIDEROS 0.85 X 0.45 | C92: UN | D92: 20
A94: TOTAL OBRA CIVIL ALCANTARTILLADO PLUVIAL
B96: TOTAL OBRA CIVIL ALCANTARILLADO SANITARIO Y PLUVIAL
B97: APROPIACION DE DISEÑOS
A98: PMT
A99: PLAN SOCIAL
A100: PLAN HSEQ
A101: PLAN AMBIENTAL
A102: TOTAL PLANES
B103: SUBTOTAL OBRA + PLANES
A104: TOTAL OBRA CIVIL + APROPIACION + PLANES
...

Sheet Entidad Choconta
B1: CONSTRUCCIÓN DEL PLAN MAESTRO DE ALCANTARILLADO URBANO DEL MUNICIPIO DE CHOCONTÁ FASE I
C3: PRESUPUESTO OFICIAL
C4: ALCANTARILLADO SANITARIO
B5: CAP. | C5: ITEM | D5: ACTIVIDAD | E5: UNIDAD | F5: CANTIDAD | G5: V/R UNITARIO | H5: V/R OBRA CIVIL
B6: 1 | C6: 1 | D6: PRELIMINARES
A7: 1 | C7: 1.01 | D7: LOCALIZACIÓN Y REPLANTEO REDES | E7: ML | F7: 1949.19 | G7: 16905 | H7: =ROUND(G7*F7,0) -> 32951057
G8: SUBTOTAL | H8: =+SUM(H7) -> 32951057
B9: 2 | C9: 2 | D9: MOVIMIENTO DE TIERRAS
A10: 6 | C10: 2.01 | D10: EXCAVACIÓN MANUAL (0.00 - 2.00)M (INC. CUALQUIER MATERIAL - EXCEPTO ROCA, SECO O BAJO AGUA) | E10: M3 | F10: 858.59 | G10: 95186 | H10: =ROUND(G10*F10,0) -> 81725748
A11: 8 | C11: 2.03 | D11: EXCAVACIÓN MECÁNICA A TODO FACTOR. INCLUYE: MANO DE OBRA, MATERIALES Y EQUIPO. | E11: M3 | F11: 4292.96 | G11: 16736 | H11: =ROUND(G11*F11,0) -> 71846979
A12: 9 | C12: 2.04 | D12: EXCAVACIÓN MEC. ROCA H. VARIABLE < 6M | E12: M3 | F12: 953.99 | G12: 166855 | H12: =ROUND(G12*F12,0) -> 159178001
A13: 10 | C13: 2.05 | D13: ENTIBADO EN MADERA (0-2M) | E13: M2 | F13: 1433.59 | G13: 50472 | H13: =ROUND(G13*F13,0) -> 72356154
A14: 11 | C14: 2.06 | D14: ENTIBADO EN MADERA (2-4M) | E14: M2 | F14: 363.38 | G14: 92355 | H14: =ROUND(G14*F14,0) -> 33559960
A15: 12 | C15: 2.07 | D15: ENTIBADO TIPO 3 (CODALES Y PERFILES MÉTALICOS) PROFUNDIDADES MAYORES A 4M. | E15: M2 | F15: 152.22 | G15: 189129 | H15: =ROUND(G15*F15,0) -> 28789216
A16: 14 | C16: 2.08 | D16: RELLENO TIPO I - ARENA LAVADA DE RIO O SIMILAR, A TODO FACTOR INCLUYE: EQUIPOS, HERRAMIENTAS Y MANO DE OBRA. | E16: M3 | F16: 266.48 | G16: 207931 | H16: =ROUND(G16*F16,0) -> 55409453
A17: 15 | C17: 2.09 | D17: RELLENO TIPO III: TAPADO Y APISONADO A TODO FACTOR, INCLUYE: MATERIAL SELECCIONADO DE LA MISMA EXCAVACIÓN, EQUIPOS, HERRAMIENTAS Y MANO DE OBRA. | E17: M3 | F17: 2138.9562 | G17: 66978 | H17: =ROUND(G17*F17,0) -> 143263011
A18: 15.1 | C18: 2.1 | D18: RELLENO TIPO II: RECEBO COMPACTADO EN CAPAS DE 20 CM. PROCTOR MODIFICADO 95%, A TODO FACTOR, INCLUYE: RECEBO, EQUIPOS, HERRAMIENTAS Y MANO DE OBRA. | E18: M3 | F18: 1359.17 | G18: 261941 | H18: =ROUND(G18*F18,0) -> 356022349
A19: 15.2 | C19: 2.11 | D19: RELLENO TRITURADO | E19: M3 | F19: 231.9 | G19: 105164 | H19: =ROUND(G19*F19,0) -> 24387532
A20: 16 | C20: 2.12 | D20: RELLENO TIPO IV: SUB - BASE GRANULAR A TODO FACTOR, INCLUYE: EQUIPOS, HERRAMIENTAS Y MANO DE OBRA. | E20: M3 | F20: 463.8069 | G20: 328020 | H20: =ROUND(G20*F20,0) -> 152137939
A21: 17 | C21: 2.13 | D21: CARGUE Y RETIRO DE SOBRANTES DE EXCAVACIÓN A SITIO DE DISPOSICIÓN A 27.5 KM | E21: M3 | F21: 2630.99 | G21: 171377 | H21: =ROUND(G21*F21,0) -> 450891173
C22: 2.14 | D22: RELLENO TIPO V - BASE GRANULAR A TODO FACTOR, INCLUYE: EQUIPOS, HERRAMIENTAS Y MANO DE OBRA. | E22: m3 | F22: 463.8069 | G22: 320437 | H22: =ROUND(G22*F22,0) -> 148620892
G23: SUBTOTAL | H23: =+SUM(H10:H22) -> 1778188407
B24: 3 | C24: 3 | D24: ESTRUCTURAS EN CONCRETO (POZOS INSPECCIÓN - CABEZALES DESCARGA)
A25: 6 | C25: 2.01 | D25: EXCAVACIÓN MANUAL (0.00 - 2.00)M (INC. CUALQUIER MATERIAL - EXCEPTO ROCA, SECO O BAJO AGUA) | E25: M3 | F25: 68 | G25: 95186 | H25: =ROUND(G25*F25,0) -> 6472648
A26: 8 | C26: 2.03 | D26: EXCAVACIÓN MECÁNICA A TODO FACTOR. INCLUYE: MANO DE OBRA, MATERIALES Y EQUIPO. | E26: M3 | F26: 339.98 | G26: 16736 | H26: =ROUND(G26*F26,0) -> 5689905
A27: 15 | C27: 2.09 | D27: RELLENO TIPO III: TAPADO Y APISONADO A TODO FACTOR, INCLUYE: MATERIAL SELECCIONADO DE LA MISMA EXCAVACIÓN, EQUIPOS, HERRAMIENTAS Y MANO DE OBRA. | E27: M3 | F27: 171.74 | G27: 66978 | H27: =ROUND(G27*F27,0) -> 11502802
A28: 17 | C28: 2.13 | D28: CARGUE Y RETIRO DE SOBRANTES DE EXCAVACIÓN A SITIO DE DISPOSICIÓN A 27.5 KM | E28: M3 | F28: 168.25 | G28: 171377 | H28: =ROUND(G28*F28,0) -> 28834180
A29: 19 | C29: 3.06 | D29: PLACA CIRCULAR BASE - POZO INSPECCIÓN D= 1.50M (CONCRETO F´C=28MPA REFORZ. ELAB. OBRA. E=0.20M) | E29: UND | F29: 38 | G29: 1341106 | H29: =ROUND(G29*F29,0) -> 50962028
A30: 19.1 | C30: 3.07 | D30: CAÑUELA POZO DE INSPECCIÓN PARA TUBERÍAS ENTRE 8" Y 14" (CONCRETO F'C=28MPA ELAB. OBRA) | E30: UND | F30: 37 | G30: 336488 | H30: =ROUND(G30*F30,0) -> 12450056
A31: 20 | C31: 3.12 | D31: CUERPO CÁMARA DE INSPECCIÓN | E31: M3 | F31: 68.88 | G31: 2299361 | H31: =ROUND(G31*F31,0) -> 158379986
A32: 21 | C32: 3.13 | D32: PASOS CÁMARA DE INSPECCIÓN EN HIERRO DE 3/4" | E32: UND | F32: 229.6 | G32: 46144 | H32: =ROUND(G32*F32,0) -> 10594662
A33: 22 | C33: 3.14 | D33: PLACA EN CONCRETO CÁMARA DE INSPECCIÓN - INCLUYE TAPA | E33: UND | F33: 38 | G33: 2490820 | H33: =ROUND(G33*F33,0) -> 94651160
A34: 501 | C34: 3.19 | D34: CÁMARA DE CAÍDA PARA COLECTORES DE 8" A 12" (BAJANTE 8", CONCRETO SIMPLE F'C= 21MPA ELAB. OBRA) | E34: UND | F34: 37 | G34: 606831 | H34: =ROUND(G34*F34,0) -> 22452747
G35: SUBTOTAL | H35: =SUM(H25:H34) -> 401990174
B36: 4 | C36: 4 | D36: SUMINISTRO E INSTALACIÓN TUBERIAS
A37: 121.1 | C37: 4.42 | D37: SUMINISTRO TUBERIA ALC. NOVAFORT Φ 8" (INC. UNIÓN) | E37: ML | F37: 1299.86 | G37: 8461 | H37: =ROUND(G37*F37,0) -> 10998115
A38: 200 | C38: 4.43 | D38: INSTALACIÓN TUBERIA ALC. NOVAFORT Φ 8" (INC. UNIÓN) | E38: ML | F38: 1299.86 | G38: 10810 | H38: =ROUND(G38*F38,0) -> 14051487
A39: 121.2 | C39: 4.44 | D39: SUMINISTRO TUBERIA ALC. NOVAFORT Φ 10" (INC. UNIÓN) | E39: ML | F39: 417.06 | G39: 87951 | H39: =ROUND(G39*F39,0) -> 36680844
A40: 201 | C40: 4.45 | D40: INSTALACIÓN TUBERIA ALC. NOVAFORT Φ 10" (INC. UNIÓN) | E40: ML | F40: 417.06 | G40: 10810 | H40: =ROUND(G40*F40,0) -> 4508419
A41: 121.3 | C41: 4.46 | D41: SUMINISTRO TUBERIA ALC. NOVAFORT Φ 12" (INC. UNIÓN) | E41: ML | F41: 232.27 | G41: 287114 | H41: =ROUND(G41*F41,0) -> 66687969
A42: 202 | C42: 4.47 | D42: INSTALACIÓN TUBERIA ALC. NOVAFORT Φ 12" (INC. UNIÓN) | E42: ML | F42: 232.27 | G42: 10810 | H42: =ROUND(G42*F42,0) -> 2510839
G43: SUBTOTAL | H43: =SUM(H37:H42) -> 135437673
B44: 5 | C44: 5 | D44: VIAS
C45: 5.01 | D45: CORTE DE PAVIMENTO FLEXIBLE | E45: M | F45: 3898.38 | G45: 38520 | H45: =ROUND(G45*F45,0) -> 150165598
C46: 5.02 | D46: DEMOLICIÓN DE PAVIMENTO FLEXIBLE (INCLUYE RETIRO DE ESCOMBROS) | E46: M2 | F46: 674.57 | G46: 15251 | H46: =ROUND(G46*F46,0) -> 10287867
C47: 5.03 | D47: CARPETA ASFÁLTICA, E=0.05M (INCLUYE IMPRIMACIÓN) | E47: M2 | F47: 674.57 | G47: 82352 | H47: =ROUND(G47*F47,0) -> 55552189
C48: 5.04 | D48: PAVIMENTO ASFÁLTICO (MEZCLA EN CALIENTE) MDC-2 | E48: M3 | F48: 134.91 | G48: 1697963 | H48: =ROUND(G48*F48,0) -> 229072188
A49: 34 | C49: 5.05 | D49: CORTE PAVIMENTO RIGIDO | E49: ML | F49: 3898.38 | G49: 47514 | H49: =ROUND(G49*F49,0) -> 185227627
A50: 35 | C50: 5.06 | D50: DEMOLICIÓN DE PAVIMENTO RÍGIDO (INCLUYE RETIRO DE ESCOMBROS) | E50: M2 | F50: 1644.46 | G50: 45598 | H50: =ROUND(G50*F50,0) -> 74984087
A51: 36 | C51: 5.07 | D51: REPOSICIÓN PAVIMENTO RÍGIDO EN CONCRETO DE 3000 PSI. INCLUYE: HERRAMIENTA MENOR, MATERIALES, MANO DE OBRA Y TODO LO NECESARIO PARA LA CORRECTA EJECUCIÓN DE LA OBRA E=0,15 M. | E51: M2 | F51: 1644.46 | G51: 355133 | H51: =ROUND(G51*F51,0) -> 584002013
C52: 2.13 | D52: CARGUE Y RETIRO DE SOBRANTES DE EXCAVACIÓN A SITIO DE DISPOSICIÓN A 27.5 KM | E52: M3 | F52: 430.0775 | G52: 171377 | H52: =ROUND(G52*F52,0) -> 73705392
G53: SUBTOTAL | H53: =SUM(H45:H52) -> 1362996961
B54: 7 | C54: 7 | D54: CONEXIONES DOMICILIARIAS
C55: 1.01 | D55: LOCALIZACIÓN Y REPLANTEO REDES | E55: ML | F55: 1554 | G55: 16905 | H55: =ROUND(G55*F55,0) -> 26270370
C56: 2.01 | D56: EXCAVACIÓN MANUAL (0.00 - 2.00)M (INC. CUALQUIER MATERIAL - EXCEPTO ROCA, SECO O BAJO AGUA) | E56: M3 | F56: 2331 | G56: 95186 | H56: =ROUND(G56*F56,0) -> 221878566
C57: 2.08 | D57: RELLENO TIPO I - ARENA LAVADA DE RIO O SIMILAR, A TODO FACTOR INCLUYE: EQUIPOS, HERRAMIENTAS Y MANO DE OBRA. | E57: M3 | F57: 161.09 | G57: 207931 | H57: =ROUND(G57*F57,0) -> 33495605
C58: 2.09 | D58: RELLENO TIPO III: TAPADO Y APISONADO A TODO FACTOR, INCLUYE: MATERIAL SELECCIONADO DE LA MISMA EXCAVACIÓN, EQUIPOS, HERRAMIENTAS Y MANO DE OBRA. | E58: M3 | F58: 1592.85 | G58: 66978 | H58: =ROUND(G58*F58,0) -> 106685907
C59: 2.1 | D59: RELLENO TIPO II: RECEBO COMPACTADO EN CAPAS DE 20 CM. PROCTOR MODIFICADO 95%, A TODO FACTOR, INCLUYE: RECEBO, EQUIPOS, HERRAMIENTAS Y MANO DE OBRA. | E59: M3 | F59: 161.09 | G59: 261941 | H59: =ROUND(G59*F59,0) -> 42196076
C60: 2.12 | D60: RELLENO TIPO IV: SUB - BASE GRANULAR A TODO FACTOR, INCLUYE: EQUIPOS, HERRAMIENTAS Y MANO DE OBRA. | E60: M3 | F60: 233.1 | G60: 328020 | H60: =ROUND(G60*F60,0) -> 76461462
C61: 2.14 | D61: RELLENO TIPO V - BASE GRANULAR A TODO FACTOR, INCLUYE: EQUIPOS, HERRAMIENTAS Y MANO DE OBRA. | E61: m3 | F61: 155.4 | G61: 320437 | H61: =ROUND(G61*F61,0) -> 49795910
C62: 2.13 | D62: CARGUE Y RETIRO DE SOBRANTES DE EXCAVACIÓN A SITIO DE DISPOSICIÓN A 27.5 KM | E62: M3 | F62: 868.9 | G62: 171377 | H62: =ROUND(G62*F62,0) -> 148909475
C63: 7.16 | D63: DEMOLICIÓN MANUAL DE PISOS Y ANDENES ( INC. RETIRO ESCOMBROS) | E63: M2 | F63: 17.8 | G63: 100516 | H63: =ROUND(G63*F63,0) -> 1789185
C64: 7.17 | D64: ANDEN EN CONCRETO 3000 PSI EN SITIO E:0.1M | E64: M2 | F64: 90.7 | G64: 174001 | H64: =ROUND(G64*F64,0) -> 15781891
C65: 7.18 | D65: SARDINEL FUNDIDO EN SITIO H:0.2M, E:0.2M, CONCRETO 3000 PSI | E65: ML | F65: 116.6 | G65: 81069 | H65: =ROUND(G65*F65,0) -> 9452645
C66: 7.19 | D66: SILLA YEE PVC 6" X 8" (SUMINISTRO E INSTALACIÓN) | E66: UND | F66: 68 | G66: 348720 | H66: =ROUND(G66*F66,0) -> 23712960
... C75: 4.43 | D75: INSTALACIÓN TUBERIA ALC. ESTRUCTURA DE ANILLO PVC Φ 6" (INC. UNIÓN) | E75: ML | F75: 1554 | G75: 10052 | H75: =ROUND(G75*F75,0) -> 15620808
G76: SUBTOTAL | H76: =ROUND(SUM(H55:H75),0) -> 1297095966
A77: COSTO DIRECTO ALCANTARILLADO SANITARIO | H77: =ROUND(H8+H23+H35+H43+H53+H76,0) -> 5008660238
B79: ALCANTARILLADO PLUVIAL
B80: CAP. | C80: ITEM | D80: ACTIVIDAD | E80: UNIDAD | F80: CANTIDAD | G80: V/R UNITARIO | H80: V/R OBRA CIVIL
B81: 1 | C81: 1 | D81: PRELIMINARES
A82: 1 | C82: 1.01 | D82: LOCALIZACIÓN Y REPLANTEO REDES | E82: ML | F82: 2156.51 | G82: 16905 | H82: =+ROUND(G82*F82,0) -> 36455802
G83: SUBTOTAL | H83: =+SUM(H82) -> 36455802
B84: 2 | C84: 2 | D84: MOVIMIENTO DE TIERRAS
A85: 6 | C85: 2.01 | D85: EXCAVACIÓN MANUAL (0.00 - 2.00)M (INC. CUALQUIER MATERIAL - EXCEPTO ROCA, SECO O BAJO AGUA) | E85: M3 | F85: 1763.81 | G85: 95186 | H85: =+ROUND(G85*F85,0) -> 167890019
A86: 8 | C86: 2.03 | D86: EXCAVACIÓN MECÁNICA A TODO FACTOR. INCLUYE: MANO DE OBRA, MATERIALES Y EQUIPO. | E86: M3 | F86: 8231.11 | G86: 16736 | H86: =+ROUND(G86*F86,0) -> 137755857
A87: 9 | C87: 2.04 | D87: EXCAVACIÓN MEC. ROCA H. VARIABLE < 6M | E87: M3 | F87: 1763.81 | G87: 166855 | H87: =+ROUND(G87*F87,0) -> 294300518
A88: 10 | C88: 2.05 | D88: ENTIBADO EN MADERA (0-2M) | E88: M2 | F88: 1115.77 | G88: 50472 | H88: =+ROUND(G88*F88,0) -> 56315143
A89: 11 | C89: 2.06 | D89: ENTIBADO EN MADERA (2-4M) | E89: M2 | F89: 711.18 | G89: 92355 | H89: =+ROUND(G89*F89,0) -> 65681029
A90: 12 | C90: 2.07 | D90: ENTIBADO TIPO 3 (CODALES Y PERFILES MÉTALICOS) PROFUNDIDADES MAYORES A 4M. | E90: M2 | F90: 329.56 | G90: 189129 | H90: =+ROUND(G90*F90,0) -> 62329353
A91: 14 | C91: 2.08 | D91: RELLENO TIPO I - ARENA LAVADA DE RIO O SIMILAR, A TODO FACTOR INCLUYE: EQUIPOS, HERRAMIENTAS Y MANO DE OBRA. | E91: M3 | F91: 549.98 | G91: 207931 | H91: =+ROUND(G91*F91,0) -> 114357891
A92: 15 | C92: 2.09 | D92: RELLENO TIPO III: TAPADO Y APISONADO A TODO FACTOR, INCLUYE: MATERIAL SELECCIONADO DE LA MISMA EXCAVACIÓN, EQUIPOS, HERRAMIENTAS Y MANO DE OBRA. | E92: M3 | F92: 3407.82 | G92: 66978 | H92: =+ROUND(G92*F92,0) -> 228248968
A93: 15.1 | C93: 2.1 | D93: RELLENO TIPO II: RECEBO COMPACTADO EN CAPAS DE 20 CM. PROCTOR MODIFICADO 95%, A TODO FACTOR, INCLUYE: RECEBO, EQUIPOS, HERRAMIENTAS Y MANO DE OBRA. | E93: M3 | F93: 4437.53 | G93: 261941 | H93: =+ROUND(G93*F93,0) -> 1162371046
A94: 16 | C94: 2.12 | D94: RELLENO TIPO IV: SUB - BASE GRANULAR A TODO FACTOR, INCLUYE: EQUIPOS, HERRAMIENTAS Y MANO DE OBRA. | E94: M3 | F94: 872.64 | G94: 328020 | H94: =+ROUND(G94*F94,0) -> 286243373
A95: 17 | C95: 2.13 | D95: CARGUE Y RETIRO DE SOBRANTES DE EXCAVACIÓN A SITIO DE DISPOSICIÓN A 27.5 KM | E95: M3 | F95: 8350.92 | G95: 171377 | H95: =+ROUND(G95*F95,0) -> 1431155617
C96: 2.14 | D96: RELLENO TIPO V - BASE GRANULAR A TODO FACTOR, INCLUYE: EQUIPOS, HERRAMIENTAS Y MANO DE OBRA. | E96: m3 | F96: 872.64 | G96: 320437 | H96: =+ROUND(G96*F96,0) -> 279626144
G97: SUBTOTAL | H97: =+SUM(H85:H96) -> 4286274958
B98: 3 | C98: 3 | D98: ESTRUCTURAS EN CONCRETO (POZOS INSPECCIÓN - CABEZALES DESCARGA)
A99: 6 | C99: 2.01 | D99: EXCAVACIÓN MANUAL (0.00 - 2.00)M (INC. CUALQUIER MATERIAL - EXCEPTO ROCA, SECO O BAJO AGUA) | E99: M3 | F99: 75.88 | G99: 95186 | H99: =+ROUND(G99*F99,0) -> 7222714
A100: 8 | C100: 2.03 | D100: EXCAVACIÓN MECÁNICA A TODO FACTOR. INCLUYE: MANO DE OBRA, MATERIALES Y EQUIPO. | E100: M3 | F100: 92.74 | G100: 16736 | H100: =+ROUND(G100*F100,0) -> 1552097
A101: 15 | C101: 2.09 | D101: RELLENO TIPO III: TAPADO Y APISONADO A TODO FACTOR, INCLUYE: MATERIAL SELECCIONADO DE LA MISMA EXCAVACIÓN, EQUIPOS, HERRAMIENTAS Y MANO DE OBRA. | E101: M3 | F101: 96.9 | G101: 66978 | H101: =+ROUND(G101*F101,0) -> 6490168
A102: 17 | C102: 2.13 | D102: CARGUE Y RETIRO DE SOBRANTES DE EXCAVACIÓN A SITIO DE DISPOSICIÓN A 27.5 KM | E102: M3 | F102: 71.72 | G102: 171377 | H102: =+ROUND(G102*F102,0) -> 12291158
A103: 19 | C103: 3.06 | D103: PLACA CIRCULAR BASE - POZO INSPECCIÓN D= 1.50M (CONCRETO F´C=28MPA REFORZ. ELAB. OBRA. E=0.20M) | E103: UND | F103: 15 | G103: 1341106 | H103: =+ROUND(G103*F103,0) -> 20116590
A104: 19.2 | C104: 3.08 | D104: CAÑUELA POZO DE INSPECCIÓN PARA TUBERÍAS ENTRE 16" Y 24" (CONCRETO F'C=28MPA ELAB. OBRA) | E104: UND | F104: 2 | G104: 516232 | H104: =+ROUND(G104*F104,0) -> 1032464
A105: 19.3 | C105: 3.09 | D105: CAÑUELA POZO DE INSPECCIÓN PARA TUBERÍAS ENTRE 27" Y 33" (CONCRETO F'C=28MPA ELAB. OBRA) | E105: UND | F105: 3 | G105: 736147 | H105: =+ROUND(G105*F105,0) -> 2208441
A106: 19.4 | C106: 3.1 | D106: CAÑUELA POZO DE INSPECCIÓN PARA TUBERÍAS ENTRE 36" Y 42" (CONCRETO F'C=28MPA ELAB. OBRA) | E106: UND | F106: 1 | G106: 969575 | H106: =+ROUND(G106*F106,0) -> 969575
A107: 19.5 | C107: 3.11 | D107: CAÑUELA POZO DE INSPECCIÓN PARA TUBERÍAS ENTRE 43" Y 55" (CONCRETO F'C=28MPA ELAB. OBRA) | E107: UND | F107: 8 | G107: 1266506 | H107: =+ROUND(G107*F107,0) -> 10132048
A108: 20 | C108: 3.12 | D108: CUERPO CÁMARA DE INSPECCIÓN | E108: ML | F108: 35.69 | G108: 2299361 | H108: =+ROUND(G108*F108,0) -> 82064194
A109: 21 | C109: 3.13 | D109: PASOS CÁMARA DE INSPECCIÓN EN HIERRO DE 3/4" | E109: UND | F109: 118.97 | G109: 46144 | H109: =+ROUND(G109*F109,0) -> 5489752
A110: 22 | C110: 3.19 | D110: CÁMARA DE CAÍDA PARA COLECTORES DE 8" A 12" (BAJANTE 8", CONCRETO SIMPLE F'C= 21MPA ELAB. OBRA) | E110: UND | F110: 15 | G110: 831591 | H110: =+ROUND(G110*F110,0) -> 12473865
...

Sheet Proponente Choconta
B1: CONSTRUCCIÓN DEL PLAN MAESTRO DE ALCANTARILLADO URBANO DEL MUNICIPIO DE CHOCONTÁ FASE I
C3: OFERTA ECONOMICA
C4: ALCANTARILLADO SANITARIO
B5: CAP. | C5: ITEM | D5: ACTIVIDAD | E5: UNIDAD | F5: CANTIDAD | G5: V/R UNITARIO | H5: V/R OBRA CIVIL
B6: 1 | C6: 1 | D6: PRELIMINARES
A7: 1 | C7: 1.01 | D7: LOCALIZACIÓN Y REPLANTEO REDES | E7: ML | F7: 1949.19
G8: SUBTOTAL
B9: 2 | C9: 2 | D9: MOVIMIENTO DE TIERRAS
A10: 6 | C10: 2.01 | D10: EXCAVACIÓN MANUAL (0.00 - 2.00)M (INC. CUALQUIER MATERIAL - EXCEPTO ROCA, SECO O BAJO AGUA) | E10: M3 | F10: 858.59
A11: 8 | C11: 2.03 | D11: EXCAVACIÓN MECÁNICA A TODO FACTOR. INCLUYE: MANO DE OBRA, MATERIALES Y EQUIPO. | E11: M3 | F11: 4292.96
A12: 9 | C12: 2.04 | D12: EXCAVACIÓN MEC. ROCA H. VARIABLE < 6M | E12: M3 | F12: 953.99
A13: 10 | C13: 2.05 | D13: ENTIBADO EN MADERA (0-2M) | E13: M2 | F13: 1433.59
A14: 11 | C14: 2.06 | D14: ENTIBADO EN MADERA (2-4M) | E14: M2 | F14: 363.38
A15: 12 | C15: 2.07 | D15: ENTIBADO TIPO 3 (CODALES Y PERFILES MÉTALICOS) PROFUNDIDADES MAYORES A 4M. | E15: M2 | F15: 152.22
A16: 14 | C16: 2.08 | D16: RELLENO TIPO I - ARENA LAVADA DE RIO O SIMILAR, A TODO FACTOR INCLUYE: EQUIPOS, HERRAMIENTAS Y MANO DE OBRA. | E16: M3 | F16: 266.48
A17: 15 | C17: 2.09 | D17: RELLENO TIPO III: TAPADO Y APISONADO A TODO FACTOR, INCLUYE: MATERIAL SELECCIONADO DE LA MISMA EXCAVACIÓN, EQUIPOS, HERRAMIENTAS Y MANO DE OBRA. | E17: M3 | F17: 2138.9562
A18: 15.1 | C18: 2.1 | D18: RELLENO TIPO II: RECEBO COMPACTADO EN CAPAS DE 20 CM. PROCTOR MODIFICADO 95%, A TODO FACTOR, INCLUYE: RECEBO, EQUIPOS, HERRAMIENTAS Y MANO DE OBRA. | E18: M3 | F18: 1359.17
A19: 15.2 | C19: 2.11 | D19: RELLENO TRITURADO | E19: M3 | F19: 231.9
A20: 16 | C20: 2.12 | D20: RELLENO TIPO IV: SUB - BASE GRANULAR A TODO FACTOR, INCLUYE: EQUIPOS, HERRAMIENTAS Y MANO DE OBRA. | E20: M3 | F20: 463.8069
A21: 17 | C21: 2.13 | D21: CARGUE Y RETIRO DE SOBRANTES DE EXCAVACIÓN A SITIO DE DISPOSICIÓN A 27.5 KM | E21: M3 | F21: 2630.99
C22: 2.14 | D22: RELLENO TIPO V - BASE GRANULAR A TODO FACTOR, INCLUYE: EQUIPOS, HERRAMIENTAS Y MANO DE OBRA. | E22: m3 | F22: 463.8069
G23: SUBTOTAL
B24: 3 | C24: 3 | D24: ESTRUCTURAS EN CONCRETO (POZOS INSPECCIÓN - CABEZALES DESCARGA)
A25: 6 | C25: 2.01 | D25: EXCAVACIÓN MANUAL (0.00 - 2.00)M (INC. CUALQUIER MATERIAL - EXCEPTO ROCA, SECO O BAJO AGUA) | E25: M3 | F25: 68
A26: 8 | C26: 2.03 | D26: EXCAVACIÓN MECÁNICA A TODO FACTOR. INCLUYE: MANO DE OBRA, MATERIALES Y EQUIPO. | E26: M3 | F26: 339.98
A27: 15 | C27: 2.09 | D27: RELLENO TIPO III: TAPADO Y APISONADO A TODO FACTOR, INCLUYE: MATERIAL SELECCIONADO DE LA MISMA EXCAVACIÓN, EQUIPOS, HERRAMIENTAS Y MANO DE OBRA. | E27: M3 | F27: 171.74
A28: 17 | C28: 2.13 | D28: CARGUE Y RETIRO DE SOBRANTES DE EXCAVACIÓN A SITIO DE DISPOSICIÓN A 27.5 KM | E28: M3 | F28: 168.25
A29: 19 | C29: 3.06 | D29: PLACA CIRCULAR BASE - POZO INSPECCIÓN D= 1.50M (CONCRETO F´C=28MPA REFORZ. ELAB. OBRA. E=0.20M) | E29: UND | F29: 38
A30: 19.1 | C30: 3.07 | D30: CAÑUELA POZO DE INSPECCIÓN PARA TUBERÍAS ENTRE 8" Y 14" (CONCRETO F'C=28MPA ELAB. OBRA) | E30: UND | F30: 37
A31: 20 | C31: 3.12 | D31: CUERPO CÁMARA DE INSPECCIÓN | E31: M3 | F31: 68.88
A32: 21 | C32: 3.13 | D32: PASOS CÁMARA DE INSPECCIÓN EN HIERRO DE 3/4" | E32: UND | F32: 229.6
A33: 22 | C33: 3.14 | D33: PLACA EN CONCRETO CÁMARA DE INSPECCIÓN - INCLUYE TAPA | E33: UND | F33: 38
A34: 501 | C34: 3.19 | D34: CÁMARA DE CAÍDA PARA COLECTORES DE 8" A 12" (BAJANTE 8", CONCRETO SIMPLE F'C= 21MPA ELAB. OBRA) | E34: UND | F34: 37
G35: SUBTOTAL
B36: 4 | C36: 4 | D36: SUMINISTRO E INSTALACIÓN TUBERIAS
A37: 121.1 | C37: 4.42 | D37: SUMINISTRO TUBERIA ALC. NOVAFORT Φ 8" (INC. UNIÓN) | E37: ML | F37: 1299.86
A38: 200 | C38: 4.43 | D38: INSTALACIÓN TUBERIA ALC. NOVAFORT Φ 8" (INC. UNIÓN) | E38: ML | F38: 1299.86
A39: 121.2 | C39: 4.44 | D39: SUMINISTRO TUBERIA ALC. NOVAFORT Φ 10" (INC. UNIÓN) | E39: ML | F39: 417.06
A40: 201 | C40: 4.45 | D40: INSTALACIÓN TUBERIA ALC. NOVAFORT Φ 10" (INC. UNIÓN) | E40: ML | F40: 417.06
A41: 121.3 | C41: 4.46 | D41: SUMINISTRO TUBERIA ALC. NOVAFORT Φ 12" (INC. UNIÓN) | E41: ML | F41: 232.27
A42: 202 | C42: 4.47 | D42: INSTALACIÓN TUBERIA ALC. NOVAFORT Φ 12" (INC. UNIÓN) | E42: ML | F42: 232.27
G43: SUBTOTAL
B44: 5 | C44: 5 | D44: VIAS
C45: 5.01 | D45: CORTE DE PAVIMENTO FLEXIBLE | E45: M | F45: 3898.38
C46: 5.02 | D46: DEMOLICIÓN DE PAVIMENTO FLEXIBLE (INCLUYE RETIRO DE ESCOMBROS) | E46: M2 | F46: 674.57
C47: 5.03 | D47: CARPETA ASFÁLTICA, E=0.05M (INCLUYE IMPRIMACIÓN) | E47: M2 | F47: 674.57
C48: 5.04 | D48: PAVIMENTO ASFÁLTICO (MEZCLA EN CALIENTE) MDC-2 | E48: M3 | F48: 134.91
A49: 34 | C49: 5.05 | D49: CORTE PAVIMENTO RIGIDO | E49: ML | F49: 3898.38
A50: 35 | C50: 5.06 | D50: DEMOLICIÓN DE PAVIMENTO RÍGIDO (INCLUYE RETIRO DE ESCOMBROS) | E50: M2 | F50: 1644.46
A51: 36 | C51: 5.07 | D51: REPOSICIÓN PAVIMENTO RÍGIDO EN CONCRETO DE 3000 PSI. INCLUYE: HERRAMIENTA MENOR, MATERIALES, MANO DE OBRA Y TODO LO NECESARIO PARA LA CORRECTA EJECUCIÓN DE LA OBRA E=0,15 M. | E51: M2 | F51: 1644.46
C52: 2.13 | D52: CARGUE Y RETIRO DE SOBRANTES DE EXCAVACIÓN A SITIO DE DISPOSICIÓN A 27.5 KM | E52: M3 | F52: 430.0775
G53: SUBTOTAL
B54: 7 | C54: 7 | D54: CONEXIONES DOMICILIARIAS
C55: 1.01 | D55: LOCALIZACIÓN Y REPLANTEO REDES | E55: ML | F55: 1554
C56: 2.01 | D56: EXCAVACIÓN MANUAL (0.00 - 2.00)M (INC. CUALQUIER MATERIAL - EXCEPTO ROCA, SECO O BAJO AGUA) | E56: M3 | F56: 2331
C57: 2.08 | D57: RELLENO TIPO I - ARENA LAVADA DE RIO O SIMILAR, A TODO FACTOR INCLUYE: EQUIPOS, HERRAMIENTAS Y MANO DE OBRA. | E57: M3 | F57: 161.09
C58: 2.09 | D58: RELLENO TIPO III: TAPADO Y APISONADO A TODO FACTOR, INCLUYE: MATERIAL SELECCIONADO DE LA MISMA EXCAVACIÓN, EQUIPOS, HERRAMIENTAS Y MANO DE OBRA. | E58: M3 | F58: 1592.85
C59: 2.1 | D59: RELLENO TIPO II: RECEBO COMPACTADO EN CAPAS DE 20 CM. PROCTOR MODIFICADO 95%, A TODO FACTOR, INCLUYE: RECEBO, EQUIPOS, HERRAMIENTAS Y MANO DE OBRA. | E59: M3 | F59: 161.09
C60: 2.12 | D60: RELLENO TIPO IV: SUB - BASE GRANULAR A TODO FACTOR, INCLUYE: EQUIPOS, HERRAMIENTAS Y MANO DE OBRA. | E60: M3 | F60: 233.1
C61: 2.14 | D61: RELLENO TIPO V - BASE GRANULAR A TODO FACTOR, INCLUYE: EQUIPOS, HERRAMIENTAS Y MANO DE OBRA. | E61: m3 | F61: 155.4
C62: 2.13 | D62: CARGUE Y RETIRO DE SOBRANTES DE EXCAVACIÓN A SITIO DE DISPOSICIÓN A 27.5 KM | E62: M3 | F62: 868.9
C63: 7.16 | D63: DEMOLICIÓN MANUAL DE PISOS Y ANDENES ( INC. RETIRO ESCOMBROS) | E63: M2 | F63: 17.8
C64: 7.17 | D64: ANDEN EN CONCRETO 3000 PSI EN SITIO E:0.1M | E64: M2 | F64: 90.7
C65: 7.18 | D65: SARDINEL FUNDIDO EN SITIO H:0.2M, E:0.2M, CONCRETO 3000 PSI | E65: ML | F65: 116.6
C66: 7.19 | D66: SILLA YEE PVC 6" X 8" (SUMINISTRO E INSTALACIÓN) | E66: UND | F66: 68
... C75: 4.43 | D75: INSTALACIÓN TUBERIA ALC. ESTRUCTURA DE ANILLO PVC Φ 6" (INC. UNIÓN) | E75: ML | F75: 1554
G76: SUBTOTAL
A77: COSTO DIRECTO ALCANTARILLADO SANITARIO
B79: ALCANTARILLADO PLUVIAL
B80: CAP. | C80: ITEM | D80: ACTIVIDAD | E80: UNIDAD | F80: CANTIDAD | G80: V/R UNITARIO | H80: V/R OBRA CIVIL
B81: 1 | C81: 1 | D81: PRELIMINARES
A82: 1 | C82: 1.01 | D82: LOCALIZACIÓN Y REPLANTEO REDES | E82: ML | F82: 2156.51
G83: SUBTOTAL | H83: =+SUM(H82) -> 0
B84: 2 | C84: 2 | D84: MOVIMIENTO DE TIERRAS
A85: 6 | C85: 2.01 | D85: EXCAVACIÓN MANUAL (0.00 - 2.00)M (INC. CUALQUIER MATERIAL - EXCEPTO ROCA, SECO O BAJO AGUA) | E85: M3 | F85: 1763.81
A86: 8 | C86: 2.03 | D86: EXCAVACIÓN MECÁNICA A TODO FACTOR. INCLUYE: MANO DE OBRA, MATERIALES Y EQUIPO. | E86: M3 | F86: 8231.11
A87: 9 | C87: 2.04 | D87: EXCAVACIÓN MEC. ROCA H. VARIABLE < 6M | E87: M3 | F87: 1763.81
A88: 10 | C88: 2.05 | D88: ENTIBADO EN MADERA (0-2M) | E88: M2 | F88: 1115.77
A89: 11 | C89: 2.06 | D89: ENTIBADO EN MADERA (2-4M) | E89: M2 | F89: 711.18
A90: 12 | C90: 2.07 | D90: ENTIBADO TIPO 3 (CODALES Y PERFILES MÉTALICOS) PROFUNDIDADES MAYORES A 4M. | E90: M2 | F90: 329.56
A91: 14 | C91: 2.08 | D91: RELLENO TIPO I - ARENA LAVADA DE RIO O SIMILAR, A TODO FACTOR INCLUYE: EQUIPOS, HERRAMIENTAS Y MANO DE OBRA. | E91: M3 | F91: 549.98
A92: 15 | C92: 2.09 | D92: RELLENO TIPO III: TAPADO Y APISONADO A TODO FACTOR, INCLUYE: MATERIAL SELECCIONADO DE LA MISMA EXCAVACIÓN, EQUIPOS, HERRAMIENTAS Y MANO DE OBRA. | E92: M3 | F92: 3407.82
A93: 15.1 | C93: 2.1 | D93: RELLENO TIPO II: RECEBO COMPACTADO EN CAPAS DE 20 CM. PROCTOR MODIFICADO 95%, A TODO FACTOR, INCLUYE: RECEBO, EQUIPOS, HERRAMIENTAS Y MANO DE OBRA. | E93: M3 | F93: 4437.53
A94: 16 | C94: 2.12 | D94: RELLENO TIPO IV: SUB - BASE GRANULAR A TODO FACTOR, INCLUYE: EQUIPOS, HERRAMIENTAS Y MANO DE OBRA. | E94: M3 | F94: 872.64
A95: 17 | C95: 2.13 | D95: CARGUE Y RETIRO DE SOBRANTES DE EXCAVACIÓN A SITIO DE DISPOSICIÓN A 27.5 KM | E95: M3 | F95: 8350.92
C96: 2.14 | D96: RELLENO TIPO V - BASE GRANULAR A TODO FACTOR, INCLUYE: EQUIPOS, HERRAMIENTAS Y MANO DE OBRA. | E96: m3 | F96: 872.64
G97: SUBTOTAL
B98: 3 | C98: 3 | D98: ESTRUCTURAS EN CONCRETO (POZOS INSPECCIÓN - CABEZALES DESCARGA)
A99: 6 | C99: 2.01 | D99: EXCAVACIÓN MANUAL (0.00 - 2.00)M (INC. CUALQUIER MATERIAL - EXCEPTO ROCA, SECO O BAJO AGUA) | E99: M3 | F99: 75.88
A100: 8 | C100: 2.03 | D100: EXCAVACIÓN MECÁNICA A TODO FACTOR. INCLUYE: MANO DE OBRA, MATERIALES Y EQUIPO. | E100: M3 | F100: 92.74
A101: 15 | C101: 2.09 | D101: RELLENO TIPO III: TAPADO Y APISONADO A TODO FACTOR, INCLUYE: MATERIAL SELECCIONADO DE LA MISMA EXCAVACIÓN, EQUIPOS, HERRAMIENTAS Y MANO DE OBRA. | E101: M3 | F101: 96.9
A102: 17 | C102: 2.13 | D102: CARGUE Y RETIRO DE SOBRANTES DE EXCAVACIÓN A SITIO DE DISPOSICIÓN A 27.5 KM | E102: M3 | F102: 71.72
A103: 19 | C103: 3.06 | D103: PLACA CIRCULAR BASE - POZO INSPECCIÓN D= 1.50M (CONCRETO F´C=28MPA REFORZ. ELAB. OBRA. E=0.20M) | E103: UND | F103: 15
A104: 19.2 | C104: 3.08 | D104: CAÑUELA POZO DE INSPECCIÓN PARA TUBERÍAS ENTRE 16" Y 24" (CONCRETO F'C=28MPA ELAB. OBRA) | E104: UND | F104: 2
A105: 19.3 | C105: 3.09 | D105: CAÑUELA POZO DE INSPECCIÓN PARA TUBERÍAS ENTRE 27" Y 33" (CONCRETO F'C=28MPA ELAB. OBRA) | E105: UND | F105: 3
A106: 19.4 | C106: 3.1 | D106: CAÑUELA POZO DE INSPECCIÓN PARA TUBERÍAS ENTRE 36" Y 42" (CONCRETO F'C=28MPA ELAB. OBRA) | E106: UND | F106: 1
A107: 19.5 | C107: 3.11 | D107: CAÑUELA POZO DE INSPECCIÓN PARA TUBERÍAS ENTRE 43" Y 55" (CONCRETO F'C=28MPA ELAB. OBRA) | E107: UND | F107: 8
A108: 20 | C108: 3.12 | D108: CUERPO CÁMARA DE INSPECCIÓN | E108: ML | F108: 35.69
A109: 21 | C109: 3.13 | D109: PASOS CÁMARA DE INSPECCIÓN EN HIERRO DE 3/4" | E109: UND | F109: 118.97
A110: 22 | C110: 3.19 | D110: CÁMARA DE CAÍDA PARA COLECTORES DE 8" A 12" (BAJANTE 8", CONCRETO SIMPLE F'C= 21MPA ELAB. OBRA) | E110: UND | F110: 15
...
